 Dungeon Crawl Stone Soup version 0.31-a0-210-gccc998df9b (webtiles) character file.

Game seed: 14846330173426343047

402584 qw the Slayer (level 23, -1/164 HPs)
             Began as a Gargoyle Fighter on June 30, 2023.
             Was an Elder of Okawaru.
             Slain by a deep troll (5 damage)
             ... led by an ironbound preserver
             ... on level 4 of the Vaults.
             The game lasted 00:35:30 (51508 turns).

qw the Slayer (Gargoyle Fighter)                   Turns: 51508, Time: 00:35:30

Health: -1/164     AC: 63    Str: 45    XL:     23   Next: 33%
Magic:  4/10       EV: 16    Int: 11    God:    Okawaru [****..]
Gold:   1057       SH: 24    Dex: 12    Spells: 22/22 levels left

rFire   . . .        g - +8 war axe of Wisdom {antimagic, Drain rElec Str+4 SInv}
rCold   . . .        r - +0 tower shield {AC+3}
rNeg    + . .        a - +8 chain mail "Qearared" {Str+3 Dex+3 Slay+3}
rPois   inf          N - +2 hat {Will+}
rElec   +            h - +2 cloak {Will+}
rCorr   .            O - +2 pair of gloves {Str+3}
SInv    +            n - +2 pair of boots
Will    +++..        A - amulet of faith Stlth
                     p - ring of Xom's Entertainment {rPois Str+6}
HPRegen 0.47/turn    K - +4 ring of protection
MPRegen 0.12/turn

%: faith
@: heroic, finesse-ful, flying
A: sickness immunity, AC +17, big wings, negative energy resistance 1,
electricity resistance, torment resistance 1, petrification resistance
}: 2/15 runes: barnacled, gossamer
a: Renounce Religion, Heroism, Finesse


You were on level 4 of the Vaults.
You worshipped Okawaru.
Okawaru was greatly pleased with you.
You visited 8 branches of the dungeon, and saw 40 of its levels.
You visited 1 bazaar.
You also visited: Gauntlet.

You collected 5498 gold pieces.
You spent 4441 gold pieces at shops.


Innate Abilities, Weirdness & Mutations

You are immune to sickness and miasma.
Your stone body is resilient. (AC +17)
You are immune to poison.
Your large and strong wings let you fly.
You resist negative energy. (rN+)
You are resistant to electric shocks. (rElec)
You are resistant to unholy torment.
You are immune to petrification.


   Skills:
 - Level 23.0(27) Fighting
 - Level 16.0(21.0) Axes
 - Level 13.0(18.0) Throwing
 - Level 18.0(23.0) Armour
 - Level 9.0(14.0) Dodging
 + Level 21.6(26.6) Shields
 - Level 10.0 Invocations


You had 22 spell levels left.
You didn't know any spells.
Your spell library was empty.

Inventory:

Hand Weapons
 g - the +8 war axe of Wisdom (weapon) {antimagic, Drain rElec Str+4 SInv}
   (Okawaru gifted it to you on level 4 of the Lair of Beasts)

   Str:       It affects your strength (+4).
   rElec:     It insulates you from electricity.
   SInv:      It lets you see invisible.
   Drain:     It drains your maximum health when unequipped.
 o - a +2 spectral war axe
 y - a +1 vampiric war axe
 I - a +1 broad axe of freezing
 P - the +4 hand axe of Peace {heavy, Will+++ rCorr Int-3 Stlth+}
   (You bought it in a shop in a bazaar)

   Int:       It affects your intelligence (-3).
   rCorr:     It protects you from acid and corrosion.
   Will:      It greatly increases your willpower.
   Stlth:     It makes you more stealthy.
Missiles
 c - 6 silver javelins (quivered)
 E - 34 boomerangs
 L - 5 javelins
Armour
 a - the +8 chain mail "Qearared" (worn) {Str+3 Dex+3 Slay+3}
   (You found it on level 2 of the Vaults)

   Str:       It affects your strength (+3).
   Dex:       It affects your dexterity (+3).
   Slay:      It affects your accuracy & damage with ranged weapons and melee
   (+3).
 h - a +2 cloak of willpower (worn)
 j - a +2 helmet
 n - a +2 pair of boots (worn)
 q - +2 acid dragon scales
 r - a +0 tower shield of protection (worn)
 N - a +2 hat of willpower (worn)
 O - a +2 pair of gloves of strength (worn)
 Q - the +7 faerie dragon scales {rPois rF+ rC+ rN++ rCorr}
   (You took it off the Enchantress on level 1 of the Depths)

   rF:        It protects you from fire.
   rC:        It protects you from cold.
   rPois:     It protects you from poison.
   rN:        It greatly protects you from negative energy.
   rCorr:     It protects you from acid and corrosion.
Jewellery
 k - an amulet of regeneration
 p - the ring of Xom's Entertainment (left hand) {rPois Str+6}
   (You found it on level 1 of the Lair of Beasts)

   [ring of strength]

   Str:       It affects your strength (+6).
   rPois:     It protects you from poison.
 t - a ring of ice
 z - a ring of protection from fire
 A - an amulet of faith (around neck)
 B - a ring of ice
 D - the ring "Haorho Foot" {Fire Drain rN+ SInv Stlth+}
   (You found it on level 12 of the Dungeon)

   [ring of fire]

   It enhances your fire magic.
   rF:        It protects you from fire.
   rC:        It makes you vulnerable to cold.
   rN:        It protects you from negative energy.
   SInv:      It lets you see invisible.
   Drain:     It drains your maximum health when unequipped.
   Stlth:     It makes you more stealthy.
 F - a ring of protection from fire
 G - the amulet "Xuenloepn" {Spirit +Blink rC+ SInv}
   (You found it on level 1 of the Vaults)

   [amulet of guardian spirit]

   It causes incoming damage to be divided between your reserves of health and
   magic.
   rC:        It protects you from cold.
   SInv:      It lets you see invisible.
   +Blink:    It lets you blink.
 K - a +4 ring of protection (right hand)
 Y - the ring "Ryxkih" {rCorr Str+3}
   (You found it on level 2 of the Dungeon)

   [ring of resist corrosion]

   Str:       It affects your strength (+3).
   rCorr:     It protects you from acid and corrosion.
Wands
 l - a wand of digging (11)
Scrolls
 f - 18 scrolls of identify
 C - 3 scrolls of brand weapon
 J - 5 scrolls of enchant weapon
Potions
 b - 6 potions of magic
 d - 7 potions of might
 e - 4 potions of attraction
 i - 16 potions of curing
 m - 16 potions of enlightenment
 s - 9 potions of mutation
 v - a potion of cancellation
 w - 4 potions of haste
 x - a potion of heal wounds
 H - 6 potions of lignification
 M - 3 potions of resistance

Dungeon Overview and Level Annotations

Branches:
Dungeon (15/15)            Temple (1/1) D:6            Lair (5/5) D:10
 Shoals (4/4) Lair:3       Spider (4/4) Lair:3        Slime (0/5) Lair:5
    Orc (2/2) D:10            Elf (0/3) Orc:2        Vaults (5/5) D:14
  Crypt (0/3) Vaults:3     Depths (4/4) D:15            Zot (0/5) Depths:4
Gauntlet (visited)

Altars:
Ashenzari
Cheibriados
Dithmenos
Elyvilon
Fedhas
Gozag
Hepliaklqana
Kikubaaqudgha
Makhleb
Nemelex Xobeh
Okawaru
Qazlal
Ru
Sif Muna
Trog
Uskayaw
Vehumet
Wu Jian
Xom
Yredelemnul
Zin
The Shining One
Jiyva

Shops:
D:1 (   D:7 (   D:14 *   D:15 (   Orc:2 [(**   Shoals:2 (   Shoals:3 =
Vaults:1 ([(   Vaults:4 [   Depths:1 [*[!

Portals:
Hell: Depths:1 Depths:2 Depths:3 Depths:4
Abyss: Depths:2 Depths:3
Pandemonium: Depths:2
Ziggurat: Depths:3
Trove: D:15 (give 4 potions of resistance)

Annotations:
D:3 3 runed translucent doors, qw's ghost, amateur DEHu
D:14 3 runed translucent doors, Cofimnas's ghost, journeyman FoFi
Lair:1 1 runed translucent door, qw's ghost, novice NaHu
Vaults:2 exclusion: yaktaur
Depths:3 exclusions: 2 eyes of devastation, floating eye and 3 shining eyes


Message History

The quicksilver dragon closely misses you.
You block the vault guard's attack.
The frost giant hits you but does no damage.
The vault sentinel gestures at you while chanting.
You easily resist.
The deep troll bites you but does no damage.
You block the deep troll's attack. The deep troll claws you.
The vault guard hits you with a +2 battleaxe of flaming!
The vault guard burns you.
The ironbound convoker barely misses you.
The quicksilver dragon bites you but does no damage.
You block the quicksilver dragon's attack.
You hit the quicksilver dragon.
The quicksilver dragon is severely wounded.
You hit the vault sentinel.
The vault sentinel's magic leaks into the air.
You slash the ironbound convoker!
The ironbound convoker's magic leaks into the air.
You hit the vault guard. You hit the frost giant.
The frost giant's magic leaks into the air.
You slice the vault guard!! You slice the deep troll!!
You barely miss the vault guard.
The vault guard is almost dead.
You closely miss the deep troll. You slice the vault sentinel!!
The vault sentinel's magic leaks into the air.
You slash the ironbound convoker!
The ironbound convoker's magic leaks into the air.
You slash the vault guard!
You completely miss the quicksilver dragon.
You hit the frost giant but do no damage.
You block the quicksilver dragon's attack.
The quicksilver dragon claws you but does no damage.
You block the vault guard's attack.
The frost giant hits you with a +0 battleaxe of freezing!!
The frost giant freezes you!
The vault sentinel falters for a moment.
The ironbound convoker hits you but does no damage.
The deep troll barely misses you. You block the deep troll's attack.
The deep troll claws you.
You die...

...#..###...'.........#.##...##.#
...#..'.#...#.........#..#..##..#
...#..#'#'###.........##...##..##
[..####..#.##+######..###.....##
[..##.#..####......#..# #######
...###'#'#..+......#[.#
...#...#.'..+......#..#
...#...###..#..ppT[#..#
...##########..D@p.+[.#
............#..C.p[#..########
............#......#..#......#
............########..#......#
......................#..>...#
......................#......#
..##############......#......#
..# #......#......# ..#
#......'......#


You could see a frost giant (strong, magic disrupted), a quicksilver dragon, 2
vault guards, a deep troll, a vault sentinel (strong, magic disrupted) and an
ironbound convoker (magic disrupted).

Vanquished Creatures
  An ancient lich (Vaults:5)
  A juggernaut (Depths:2)
  Boris (Vaults:2)
  Frederick (Depths:4)
  Saint Roka (Orc:2)
  the Enchantress (Depths:1)
  A tentacled monstrosity (Depths:3)
  A lich (Depths:2)
  Polyphemus (Shoals:3)
  Frances (D:14)
  A kraken (Shoals:4)
  2 shadow dragons
  6 sphinxes
  A tengu reaver (Depths:2)
  Donald (Spider:2)
  8 fire giants
  A draconian knight (Depths:4)
  3 emperor scorpions
  4 frost giants
  An iron dragon (Depths:1)
  Aizul (Shoals:1)
  4 ghost moths
  15 vault wardens
  22 ironbound preservers
  Louise (Depths:2)
  A formless jellyfish (Vaults:3)
  A juggernaut skeleton (Depths:2)
  3 spriggan defenders (Depths:1)
  4 war gargoyles
  13 very ugly things
  A reaper (Depths:1)
  3 orc warlords
  8 ironbound thunderhulks
  13 stone giants
  A broodmother (Spider:3)
  A green draconian (Depths:4)
  4 vampire knights
  A deep elf annihilator (Vaults:5)
  Nessos (D:13)
  A black draconian (Depths:4)
  2 white draconians (Depths:4)
  Azrael (D:14)
  3 minotaurs
  9 spark wasps
  4 dire elephants
  Snorg (D:10)
  10 ettins
  6 fire dragons
  5 merfolk javelineers
  3 crystal guardians
  3 quicksilver dragon zombies (Depths:1)
  10 yaktaur captains
  2 jiangshi (Depths:1)
  38 vault guards
  4 entropy weavers
  7 great orbs of eyes
  6 merfolk impalers
  Harold (Lair:2)
  A salamander tyrant (Depths:4)
  7 rakshasas
  4 hydras
  Fannar (D:11)
  8 ice dragons
  3 merfolk avatars
  A radroach (Spider:4)
  4 centaur warriors
  3 catoblepae
  4 spriggan air magi
  2 hell beasts (Depths:1)
  6 merfolk aquamancers
  9 ironbound frosthearts
  6 two-headed ogres
  3 peacekeepers
  4 boulder beetles
  Erica (D:10)
  An alligator snapping turtle (Shoals:4)
  6 deep troll shamans
  2 death scarabs
  7 deep troll earth magi
  6 satyrs
  7 death yaks
  A hell hog (Depths:4)
  A two-headed ogre (shapeshifter) (Depths:4)
  2 vampire magi
  A titan zombie (Depths:1)
  An orc high priest (Orc:2)
  Urug (Lair:2)
  A dancing weapon (Vaults:3)
  5 demonic crawlers
  5 spriggan berserkers
  4 tengu warriors
  9 hell knights
  9 skysharks
  Sonja (D:13)
  2 soul eaters (Depths:4)
  7 iron trolls
  A titan skeleton (Depths:2)
  3 salamander mystics
  A sixfirhy (Depths:2)
  8 sea snakes
  5 skeletal warriors (D:15)
  3 golden dragon zombies (Depths:1)
  Amaemon (D:10)
  2 sun moths
  58 deep trolls
  3 glowing orange brains
  6 orb spiders
  6 pharaoh ants
  12 wizards
  A tengu zombie (Depths:2)
  3 steelbarb worms
  13 ironbound convokers
  19 harpies
  8 orc knights
  5 lindwurms
  2 deep elf pyromancers
  2 iron dragon zombies (Depths:1)
  3 necromancers
  A phantasmal warrior (Vaults:1)
  42 ugly things
  23 wolf spiders
  An oklob plant (Lair:5)
  3 cyclopes
  15 fauns
  2 human zombies
  6 orc sorcerers (Orc:2)
  3 fire giant zombies (Depths:1)
  3 stone giant zombies (Depths:1)
  An iron dragon skeleton (Depths:2)
  9 salamanders
  7 merfolk sirens
  3 frost giant zombies (Depths:1)
  23 elephants
  2 moths of wrath (Spider:4)
  16 vault sentinels
  16 manticores
  3 black mambas
  Maurice (D:13)
  2 water nymphs
  13 cane toads
  An orange demon (D:10)
  A hellion (Depths:2)
  An unseen horror (D:11)
  A gargoyle (D:12)
  A kobold demonologist (D:14)
  6 torpor snails
  12 komodo dragons
  3 spriggan zombies (Depths:1)
  13 yaktaurs
  3 rime drakes
  4 tengu conjurers
  A freezing wraith (D:15)
  An efreet (D:13)
  A yaktaur skeleton (Vaults:4)
  5 trolls
  3 polar bears (Lair:5)
  A human skeleton (Vaults:4)
  12 meliai
  37 merfolk
  10 hornets
  18 tarantellas
  6 dream sheep (Lair:5)
  9 wind drakes
  21 blink frogs
  An ettin zombie (Depths:1)
  22 jumping spiders
  11 snapping turtles
  A centaur simulacrum (D:14)
  36 slime creatures
  14 culicivoras
  6 spriggans
  A human simulacrum (Vaults:4)
  4 vampires
  25 water elementals
  2 ynoxinuls (Depths:2)
  6 fire elementals (D:14)
  3 wraiths
  8 wyverns
  69 yaks
  A spectral komodo dragon (Gauntlet)
  A vampire mosquito (D:14)
  A hog (shapeshifter) (D:15)
  4 basilisks
  4 steam dragons
  A chaos spawn (Depths:2)
  63 redbacks
  3 wargs
  2 glowing shapeshifter zombies
  16 water moccasins
  2 hell hounds (D:14)
  2 sky beasts
  42 orc warriors
  6 black bears
  4 ice beasts
  4 ogres
  11 centaurs
  20 wolves
  13 bullfrogs
  A gnoll sergeant (D:11)
  3 scorpions
  11 wights
  14 killer bees
  2 howler monkeys (D:8)
  4 electric eels (Lair:5)
  2 lava snakes (D:11)
  7 jellies
  18 orc priests
  2 gnoll boudas
  2 hounds
  3 iguanas
  26 orc wizards
  16 gnolls
  9 adders
  An ufetubus (D:6)
  3 worms
  3 dart slugs
  107 orcs
  8 endoplasms
  2 giant cockroaches
  10 goblins
  12 hobgoblins
  3 jackals (D:1)
  3 quokkas
  6 ball pythons
  4 bats
  5 frilled lizards
  6 kobolds
  3 rats
  A fire vortex (Depths:1)
1635 creatures vanquished.

Vanquished Creatures (others)
  A merfolk (Shoals:4)
  An orc warrior (Orc:2)
  A spectral weapon (Lair:2)
  4 tentacles (Shoals:4)
7 creatures vanquished.

Grand Total: 1642 creatures vanquished

Notes
Turn   | Place    | Note
-------+----------+-------------------------------------------
     0 | D:1      | qw the Gargoyle Fighter began the quest for the Orb.
     0 | D:1      | Reached XP level 1. HP: 14/14 MP: 1/1
     0 | D:1      | 0 ||| qw: Version: 0.3-a-24-ga2abf7b
     0 | D:1      | 0 ||| qw: Game counter: 7111
     0 | D:1      | 0 ||| qw: Melee chars always use a shield: true
     0 | D:1      | 0 ||| qw: God list: Okawaru
     0 | D:1      | 0 ||| qw: Allow faded altars: false
     0 | D:1      | 0 ||| qw: Do Orc after clearing Dungeon:15 true
     0 | D:1      | 0 ||| qw: Do second Lair branch before Depths: true
     0 | D:1      | 0 ||| qw: Lair rune preference: random
     0 | D:1      | 0 ||| qw: Goals: Normal, Zot:1-4, Slime:5, God:TSO, Crypt,
                  | Tomb, Abyss, Pan, Hells, Win
     0 | D:1      | 0 ||| PLANNING D:1-11
   102 | D:1      | Reached XP level 2. HP: 19/19 MP: 2/2
   228 | D:1      | Found a faded altar of an unknown god.
   250 | D:1      | 250 ||| FLEEEEING.
   257 | D:1      | 257 ||| FLEEEEING.
   258 | D:1      | 258 ||| Stepping ~*~*~tactically~*~*~ (stealth).
   259 | D:1      | 259 ||| Stepping ~*~*~tactically~*~*~ (stealth).
   262 | D:1      | 262 ||| Stepping ~*~*~tactically~*~*~ (stealth).
   329 | D:1      | 329 ||| DROPPING +0 club.
   383 | D:1      | Found Xaid's Weapon Emporium.
   431 | D:1      | Reached skill level 3 in Axes
   450 | D:1      | 450 ||| Stepping ~*~*~tactically~*~*~ (hiding).
   459 | D:1      | Reached XP level 3. HP: 9/23 MP: 3/3
   843 | D:1      | 843 ||| UPGRADING to +0 helmet.
   848 | D:1      | 848 ||| UPGRADING to ring of willpower.
   849 | D:1      | 849 ||| READING 2 scrolls labelled FAHIEG OQAASU.
   850 | D:1      | 850 ||| READING scroll labelled NIHAXE MIDAAT.
   853 | D:1      | 853 ||| DROPPING scroll of poison.
   978 | D:2      | Found a glowing golden altar of the Shining One.
  1119 | D:2      | 1119 ||| DROPPING +0 whip.
  1176 | D:2      | Reached XP level 4. HP: 28/28 MP: 4/4
  1299 | D:2      | Identified the ring "Ryxkih" {rCorr Str+3}
  1521 | D:2      | 1521 ||| Stepping ~*~*~tactically~*~*~ (stealth).
  1692 | D:2      | 1692 ||| UPGRADING to +0 pair of gloves.
  1697 | D:2      | 1697 ||| UPGRADING to +0 chain mail.
  1707 | D:2      | 1707 ||| DROPPING +0 scale mail.
  1708 | D:2      | 1708 ||| UPGRADING to ring "Ryxkih" {rCorr Str+3}.
  1709 | D:2      | 1709 ||| READING scroll labelled RUOVISCHUMUD.
  1710 | D:2      | 1710 ||| READING 3 scrolls labelled YTRAUJ QUKARI.
  1811 | D:2      | 1811 ||| DRINKING 2 cyan potions.
  1812 | D:2      | 1812 ||| DROPPING 2 scrolls of silence.
  1878 | D:3      | Found a runed translucent gate.
  1878 | D:3      | Found a runed translucent gate.
  1878 | D:3      | Found a runed translucent gate.
  2120 | D:3      | Noticed qw's ghost (amateur DEHu)
  2307 | D:3      | 2307 ||| READING scroll labelled WARCHO XAESK.
  2308 | D:3      | 2308 ||| READING scroll labelled DID ZONEEMNE.
  2586 | D:4      | 2586 ||| Stepping ~*~*~tactically~*~*~ (stealth).
  2587 | D:4      | 2587 ||| Stepping ~*~*~tactically~*~*~ (stealth).
  2603 | D:4      | Reached XP level 5. HP: 32/32 MP: 5/5
  3206 | D:4      | 3206 ||| DROPPING amulet of magic regeneration.
  3207 | D:4      | 3207 ||| DROPPING ring of wizardry.
  3208 | D:4      | 3208 ||| DRINKING 2 coppery potions.
  3293 | D:5      | Entered Level 5 of the Dungeon
  3302 | D:5      | Reached skill level 4 in Fighting
  3302 | D:5      | Reached XP level 6. HP: 39/39 MP: 6/6
  3335 | D:5      | Noticed an ice beast
  3344 | D:5      | Killed an ice beast
  3350 | D:5      | You fall into a shaft and drop 2 floors!
  3377 | D:7      | HP: 7/39 [iguana (7)]
  3533 | D:7      | Reached skill level 6 in Axes
  3551 | D:7      | Noticed a water moccasin
  3552 | D:7      | 3552 ||| Stepping ~*~*~tactically~*~*~ (stealth).
  3569 | D:7      | Killed a water moccasin
  3570 | D:7      | Reached skill level 1 in Dodging
  3570 | D:7      | Reached XP level 7. HP: 43/44 MP: 7/7
  3587 | D:7      | Found Kout's Weapon Emporium.
  3633 | D:6      | Noticed a steam dragon
  3634 | D:6      | 3634 ||| Stepping ~*~*~tactically~*~*~ (cloud).
  3640 | D:6      | HP: 8/44 [steam dragon/ball of steam (11)]
  3643 | D:6      | Killed a steam dragon
  3646 | D:6      | 3646 ||| Stepping ~*~*~tactically~*~*~ (stealth).
  3649 | D:6      | 3649 ||| Stepping ~*~*~tactically~*~*~ (stealth).
  3650 | D:6      | 3650 ||| Stepping ~*~*~tactically~*~*~ (stealth).
  3847 | D:6      | Found an ornate altar of the Wu Jian Council.
  3847 | D:6      | Found a sparkling altar of Nemelex Xobeh.
  3883 | D:6      | Reached skill level 5 in Fighting
  3883 | D:6      | Reached XP level 8. HP: 50/50 MP: 8/8
  3892 | D:6      | 3892 ||| Stepping ~*~*~tactically~*~*~ (hiding).
  3906 | D:6      | HP: 3/50 [wight/+1 morningstar (10)]
  4079 | D:6      | 4079 ||| DROPPING +0 flail.
  4199 | D:6      | 4199 ||| Stepping ~*~*~tactically~*~*~ (stealth).
  4201 | D:6      | Found a staircase to the Ecumenical Temple.
  4202 | D:6      | 4202 ||| PLANNING TEMPLE
  4202 | D:6      | 4202 ||| UPGRADING to amulet of regeneration.
  4219 | Temple   | Entered the Ecumenical Temple
  4486 | Temple   | 4486 ||| PLANNING OKAWARU WORSHIP
  4645 | Temple   | Became a worshipper of Warmaster Okawaru
  4646 | Temple   | 4646 ||| PLANNING D:1-11
  4988 | D:5      | 4988 ||| Stepping ~*~*~tactically~*~*~ (stealth).
  4991 | D:5      | 4991 ||| Stepping ~*~*~tactically~*~*~ (stealth).
  4993 | D:5      | 4993 ||| Stepping ~*~*~tactically~*~*~ (stealth).
  4996 | D:5      | 4996 ||| Stepping ~*~*~tactically~*~*~ (stealth).
  4998 | D:5      | 4998 ||| Stepping ~*~*~tactically~*~*~ (stealth).
  5097 | D:5      | Reached skill level 6 in Fighting
  5209 | D:5      | 5209 ||| Stepping ~*~*~tactically~*~*~ (hiding).
  5759 | D:5      | 5759 ||| UPGRADING to +0 pair of boots.
  5764 | D:5      | 5764 ||| READING scroll labelled ILEM KAUFA.
  5765 | D:5      | 5765 ||| READING scroll labelled KISHIBAANK.
  5766 | D:5      | 5766 ||| READING scroll labelled CAIRUI JI LULU.
  5820 | D:6      | 5820 ||| Stepping ~*~*~tactically~*~*~ (stealth).
  5947 | D:6      | Identified the +5 flail "Waodi" {speed, rN+ Int+2}
  5949 | D:6      | 5949 ||| DROPPING +5 flail "Waodi" {speed, rN+ Int+2}.
  5968 | D:6      | Reached * piety under Okawaru
  6255 | D:6      | 6255 ||| READING 4 scrolls of identify.
  6255 | D:6      | 6255 ||| IDENTIFYING glowing coppery potion
  6256 | D:6      | 6256 ||| READING 3 scrolls of identify.
  6256 | D:6      | 6256 ||| IDENTIFYING glowing emerald potion
  6257 | D:6      | 6257 ||| READING 2 scrolls of identify.
  6257 | D:6      | 6257 ||| IDENTIFYING glowing red potion
  6258 | D:6      | 6258 ||| DROPPING potion of invisibility.
  6310 | D:7      | 6310 ||| BUYING +1 morningstar of holy wrath (184 gold).
  6310 | D:7      | Bought a +1 morningstar of holy wrath for 184 gold pieces
  6310 | D:7      | 6310 ||| DROPPING +1 morningstar.
  6358 | D:7      | 6358 ||| Stepping ~*~*~tactically~*~*~ (stealth).
  6359 | D:7      | 6359 ||| INVOKING Heroism.
  6361 | D:7      | Reached skill level 1 in Throwing
  6361 | D:7      | Reached XP level 9. HP: 55/55 MP: 6/9
  6375 | D:7      | Reached skill level 9 in Axes
  6398 | D:7      | 6398 ||| Stepping ~*~*~tactically~*~*~ (hiding).
  6407 | D:7      | 6407 ||| INVOKING Heroism.
  6415 | D:7      | Reached skill level 1 in Invocations
  6674 | D:7      | 6674 ||| Stepping ~*~*~tactically~*~*~ (hiding).
  6675 | D:7      | 6675 ||| Stepping ~*~*~tactically~*~*~ (stealth).
  6676 | D:7      | 6676 ||| Stepping ~*~*~tactically~*~*~ (stealth).
  6679 | D:7      | 6679 ||| Stepping ~*~*~tactically~*~*~ (stealth).
  6680 | D:7      | 6680 ||| Stepping ~*~*~tactically~*~*~ (hiding).
  6801 | D:7      | 6801 ||| Stepping ~*~*~tactically~*~*~ (stealth).
  6802 | D:7      | 6802 ||| Stepping ~*~*~tactically~*~*~ (stealth).
  6951 | D:7      | 6951 ||| READING scroll labelled LOFEUZYUJIEKE.
  6952 | D:7      | 6952 ||| DRINKING 2 brown potions.
  7076 | D:8      | Reached skill level 3 in Invocations
  7106 | D:8      | 7106 ||| READING scroll of enchant weapon.
  7106 | D:8      | 7106 ||| ENCHANTING +1 spectral war axe.
  7525 | D:8      | 7525 ||| INVOKING Heroism.
  7571 | D:8      | 7571 ||| INVOKING Heroism.
  7584 | D:8      | Reached skill level 7 in Fighting
  7840 | D:8      | 7840 ||| Stepping ~*~*~tactically~*~*~ (stealth).
  7852 | D:8      | 7852 ||| Stepping ~*~*~tactically~*~*~ (hiding).
  8023 | D:8      | 8023 ||| UPGRADING to +0 plate armour.
  8033 | D:8      | 8033 ||| DROPPING +0 chain mail.
  8034 | D:8      | 8034 ||| READING scroll labelled ZYITEH FE MUEX.
  8035 | D:8      | 8035 ||| READING scroll labelled MAMOQ CAOGGA.
  8073 | D:9      | Reached ** piety under Okawaru
  8081 | D:9      | 8081 ||| INVOKING Heroism.
  8083 | D:9      | Reached skill level 6 in Armour
  8083 | D:9      | Reached XP level 10. HP: 57/63 MP: 10/13
  8222 | D:9      | 8222 ||| Stepping ~*~*~tactically~*~*~ (stealth).
  8225 | D:9      | 8225 ||| Stepping ~*~*~tactically~*~*~ (stealth).
  8239 | D:9      | Reached skill level 8 in Fighting
  8280 | D:9      | 8280 ||| READING scroll of enchant armour.
  8280 | D:9      | 8280 ||| ENCHANTING +0 pair of gloves.
  8397 | D:9      | Reached *** piety under Okawaru
  8441 | D:9      | 8441 ||| INVOKING Heroism.
  8500 | D:9      | 8500 ||| DROPPING +2 morningstar of freezing.
  8550 | D:9      | 8550 ||| INVOKING Heroism.
  8551 | D:9      | 8551 ||| Stepping ~*~*~tactically~*~*~ (cloud).
  8560 | D:9      | 8560 ||| Stepping ~*~*~tactically~*~*~ (cloud).
  8561 | D:9      | 8561 ||| Stepping ~*~*~tactically~*~*~ (cloud).
  8755 | D:9      | 8755 ||| READING scroll labelled BOLABBU GOUN.
  8756 | D:9      | 8756 ||| READING scroll labelled YTA IDIEKKETH.
  8805 | D:10     | Entered Level 10 of the Dungeon
  8806 | D:10     | Noticed a sea snake
  8812 | D:10     | Noticed Snorg
  8813 | D:10     | 8813 ||| INVOKING Heroism.
  8822 | D:10     | Killed Snorg
  8842 | D:10     | 8842 ||| Stepping ~*~*~tactically~*~*~ (stealth).
  8881 | D:10     | 8881 ||| Stepping ~*~*~tactically~*~*~ (stealth).
  8886 | D:10     | 8886 ||| Stepping ~*~*~tactically~*~*~ (stealth).
  8887 | D:10     | 8887 ||| Stepping ~*~*~tactically~*~*~ (stealth).
  8895 | D:10     | Received a gift from Okawaru
  8897 | D:10     | 8897 ||| Stepping ~*~*~tactically~*~*~ (stealth).
  8913 | D:10     | Noticed Erica
  8914 | D:10     | 8914 ||| INVOKING Heroism.
  8926 | D:10     | Killed Erica
  8927 | D:10     | Reached XP level 11. HP: 64/68 MP: 12/14
  8941 | D:10     | Found a staircase to the Lair.
  8948 | D:10     | 8948 ||| Stepping ~*~*~tactically~*~*~ (stealth).
  8952 | D:10     | Reached **** piety under Okawaru
  8954 | D:10     | 8954 ||| Stepping ~*~*~tactically~*~*~ (hiding).
  8958 | D:10     | 8958 ||| INVOKING Heroism.
  9022 | D:10     | Noticed a two-headed ogre
  9023 | D:10     | 9023 ||| INVOKING Heroism.
  9033 | D:10     | Killed a two-headed ogre
  9034 | D:10     | Reached skill level 9 in Fighting
  9143 | D:10     | Found a staircase to the Orcish Mines.
  9193 | D:10     | Noticed Amaemon
  9194 | D:10     | 9194 ||| INVOKING Heroism.
  9208 | D:10     | Killed Amaemon
  9249 | D:10     | Noticed a sea snake
  9410 | D:10     | 9410 ||| PLANNING LAIR
  9410 | D:10     | 9410 ||| UPGRADING to +1 pair of boots.
  9420 | D:10     | 9420 ||| DROPPING +0 pair of boots.
  9421 | D:10     | 9421 ||| READING scroll labelled NEXZOFRYNIV.
  9422 | D:10     | 9422 ||| READING 2 scrolls of identify.
  9422 | D:10     | 9422 ||| IDENTIFYING glowing purple potion
  9423 | D:10     | 9423 ||| DROPPING potion of berserk rage.
  9433 | Lair:1   | Entered Level 1 of the Lair of Beasts
  9434 | Lair:1   | 9434 ||| PLANNING GAUNTLET
  9472 | Lair:1   | 9472 ||| Stepping ~*~*~tactically~*~*~ (stealth).
  9496 | Lair:1   | Noticed a four-headed hydra
  9497 | Lair:1   | 9497 ||| INVOKING Heroism.
  9502 | Lair:1   | 9502 ||| SWAPPING to +0 eveningstar.
  9517 | Lair:1   | HP: 13/71 [four-headed hydra (10)]
  9518 | Lair:1   | 9518 ||| READING 3 scrolls of teleportation.
  9519 | Lair:1   | 9519 ||| DRINKING potion of heal wounds.
  9521 | Lair:1   | Killed a four-headed hydra
  9522 | Lair:1   | Reached skill level 6 in Invocations
  9522 | Lair:1   | 9522 ||| SWAPPING to +2 spectral war axe.
  9655 | Lair:1   | Reached ***** piety under Okawaru
  9780 | Lair:1   | Found a runed translucent door.
  9852 | Lair:1   | Noticed qw's ghost (novice NaHu)
  9872 | Lair:1   | Identified the ring of Xom's Entertainment {rPois Str+6}
  9895 | Lair:1   | 9895 ||| Stepping ~*~*~tactically~*~*~ (stealth).
  9897 | Lair:1   | 9897 ||| Stepping ~*~*~tactically~*~*~ (stealth).
  9986 | Lair:1   | Found a gate leading to a gauntlet.
  9987 | Lair:1   | 9987 ||| UPGRADING to ring of Xom's Entertainment {rPois
                  | Str+6}.
  9989 | Lair:1   | 9989 ||| DROPPING ring of willpower.
  9990 | Lair:1   | 9990 ||| READING 2 scrolls of identify.
  9990 | Lair:1   | 9990 ||| IDENTIFYING pink potion
  9999 | Gauntlet | Entered a Gauntlet
  9999 | Gauntlet | Found a transporter.
  9999 | Gauntlet | Found a runed translucent door.
 10000 | Gauntlet | Found a runed translucent door.
 10005 | Gauntlet | Noticed a death scarab
 10008 | Gauntlet | Found a transporter.
 10011 | Gauntlet | Found a transporter.
 10012 | Gauntlet | Found a transporter.
 10020 | Gauntlet | Found a transporter.
 10023 | Gauntlet | Found a transporter.
 10024 | Gauntlet | Found a transporter.
 10025 | Gauntlet | Noticed a necromancer
 10030 | Gauntlet | Noticed a reaper
 10033 | Gauntlet | Found a transporter.
 10036 | Gauntlet | Found a transporter.
 10037 | Gauntlet | Found a transporter.
 10045 | Gauntlet | Found a transporter.
 10049 | Gauntlet | Found a transporter.
 10050 | Gauntlet | Found a transporter.
 10063 | Gauntlet | Found a transporter.
 10146 | Gauntlet | 10146 ||| INVOKING Heroism.
 10153 | Gauntlet | Killed a death scarab
 10154 | Gauntlet | Reached skill level 12 in Axes
 10198 | Gauntlet | Noticed a minotaur
 10199 | Gauntlet | 10199 ||| Stepping ~*~*~tactically~*~*~ (stealth).
 10200 | Gauntlet | 10200 ||| Stepping ~*~*~tactically~*~*~ (stealth).
 10202 | Gauntlet | 10202 ||| Stepping ~*~*~tactically~*~*~ (hiding).
 10207 | Gauntlet | 10207 ||| INVOKING Heroism.
 10208 | Gauntlet | 10208 ||| INVOKING Finesse.
 10217 | Gauntlet | Killed a minotaur
 10218 | Gauntlet | Reached XP level 12. HP: 46/76 MP: 10/17
 10299 | Gauntlet | 10299 ||| DROPPING +2 hat of intelligence.
 10316 | Lair:1   | 10316 ||| PLANNING LAIR
 11864 | Lair:2   | 11864 ||| Stepping ~*~*~tactically~*~*~ (stealth).
 11866 | Lair:2   | 11866 ||| Stepping ~*~*~tactically~*~*~ (stealth).
 11869 | Lair:2   | 11869 ||| Stepping ~*~*~tactically~*~*~ (stealth).
 11876 | Lair:2   | 11876 ||| FLEEEEING.
 11877 | Lair:2   | 11877 ||| FLEEEEING.
 11883 | Lair:2   | Reached skill level 3 in Throwing
 11943 | Lair:2   | 11943 ||| Stepping ~*~*~tactically~*~*~ (stealth).
 11945 | Lair:2   | 11945 ||| Stepping ~*~*~tactically~*~*~ (stealth).
 11949 | Lair:2   | 11949 ||| Stepping ~*~*~tactically~*~*~ (stealth).
 11964 | Lair:2   | Reached skill level 6 in Shields
 11964 | Lair:2   | Reached skill level 9 in Invocations
 11965 | Lair:2   | 11965 ||| FLEEEEING.
 11966 | Lair:2   | 11966 ||| FLEEEEING.
 11967 | Lair:2   | 11967 ||| FLEEEEING.
 11968 | Lair:2   | 11968 ||| FLEEEEING.
 11969 | Lair:2   | 11969 ||| FLEEEEING.
 11970 | Lair:2   | 11970 ||| FLEEEEING.
 11971 | Lair:2   | 11971 ||| FLEEEEING.
 11972 | Lair:2   | 11972 ||| FLEEEEING.
 11977 | Lair:2   | Received a gift from Okawaru
 12065 | Lair:2   | Noticed Urug
 12066 | Lair:2   | 12066 ||| INVOKING Heroism.
 12067 | Lair:2   | 12067 ||| INVOKING Finesse.
 12075 | Lair:2   | Killed Urug
 12311 | Lair:2   | 12311 ||| Stepping ~*~*~tactically~*~*~ (stealth).
 12326 | Lair:2   | 12326 ||| Stepping ~*~*~tactically~*~*~ (stealth).
 12328 | Lair:2   | 12328 ||| Stepping ~*~*~tactically~*~*~ (stealth).
 12333 | Lair:2   | 12333 ||| Stepping ~*~*~tactically~*~*~ (stealth).
 12338 | Lair:2   | Reached skill level 9 in Armour
 12339 | Lair:2   | 12339 ||| Stepping ~*~*~tactically~*~*~ (stealth).
 12342 | Lair:2   | Noticed Harold
 12343 | Lair:2   | 12343 ||| INVOKING Heroism.
 12345 | Lair:2   | 12345 ||| Stepping ~*~*~tactically~*~*~ (hiding).
 12360 | Lair:2   | Killed Harold
 12361 | Lair:2   | Reached skill level 10 in Fighting
 12432 | Lair:2   | Received a gift from Okawaru
 12458 | Lair:2   | 12458 ||| INVOKING Heroism.
 12513 | Lair:2   | 12513 ||| INVOKING Heroism.
 12515 | Lair:2   | Received a gift from Okawaru
 12522 | Lair:2   | Reached XP level 13. HP: 59/82 MP: 18/20
 12816 | Lair:2   | 12816 ||| UPGRADING to +0 plate armour of cold resistance.
 12826 | Lair:2   | 12826 ||| DROPPING +0 plate armour.
 12841 | Lair:3   | 12841 ||| STAIRDANCE
 12867 | Lair:3   | 12867 ||| STAIRDANCE
 12990 | Lair:3   | 12990 ||| Stepping ~*~*~tactically~*~*~ (stealth).
 12993 | Lair:3   | 12993 ||| Stepping ~*~*~tactically~*~*~ (stealth).
 13163 | Lair:3   | 13163 ||| INVOKING Heroism.
 13172 | Lair:3   | Received a gift from Okawaru
 13189 | Lair:3   | Found a hole to the Spider Nest.
 13336 | Lair:3   | 13336 ||| INVOKING Heroism.
 13492 | Lair:3   | Found a staircase to the Shoals.
 13519 | Lair:3   | 13519 ||| READING 2 scrolls of identify.
 13519 | Lair:3   | 13519 ||| IDENTIFYING smoky grey potion
 13520 | Lair:3   | 13520 ||| DROPPING potion of brilliance.
 13568 | Lair:4   | Identified the +8 war axe of Wisdom {antimagic, Drain rElec
                  | Str+4 SInv} (Okawaru gifted it to you on level 4 of the
                  | Lair of Beasts)
 13568 | Lair:4   | Received a gift from Okawaru
 13652 | Lair:4   | 13652 ||| INVOKING Heroism.
 13653 | Lair:4   | 13653 ||| INVOKING Finesse.
 13655 | Lair:4   | 13655 ||| Stepping ~*~*~tactically~*~*~ (stealth).
 13675 | Lair:4   | 13675 ||| Stepping ~*~*~tactically~*~*~ (stealth).
 13683 | Lair:4   | 13683 ||| Stepping ~*~*~tactically~*~*~ (stealth).
 13685 | Lair:4   | 13685 ||| Stepping ~*~*~tactically~*~*~ (stealth).
 13754 | Lair:4   | 13754 ||| INVOKING Heroism.
 13757 | Lair:4   | 13757 ||| INVOKING Finesse.
 13787 | Lair:4   | 13787 ||| Stepping ~*~*~tactically~*~*~ (hiding).
 13792 | Lair:4   | Reached skill level 11 in Fighting
 13874 | Lair:4   | Received a gift from Okawaru
 13877 | Lair:4   | 13877 ||| Stepping ~*~*~tactically~*~*~ (stealth).
 13878 | Lair:4   | 13878 ||| Stepping ~*~*~tactically~*~*~ (stealth).
 14064 | Lair:4   | 14064 ||| INVOKING Heroism.
 14065 | Lair:4   | 14065 ||| INVOKING Finesse.
 14072 | Lair:4   | 14072 ||| SWAPPING to +0 eveningstar.
 14078 | Lair:4   | Received a gift from Okawaru
 14079 | Lair:4   | Reached skill level 6 in Throwing
 14079 | Lair:4   | 14079 ||| SWAPPING to +2 spectral war axe.
 14139 | Lair:4   | 14139 ||| Stepping ~*~*~tactically~*~*~ (stealth).
 14205 | Lair:4   | 14205 ||| Stepping ~*~*~tactically~*~*~ (hiding).
 14217 | Lair:4   | Gained mutation: Your large and strong wings let you fly.
                  | [Gargoyle growth]
 14217 | Lair:4   | Reached XP level 14. HP: 90/90 MP: 21/21
 14217 | Lair:4   | 14217 ||| SWAPPING to +8 war axe of Wisdom {antimagic,
                  | Drain rElec Str+4 SInv}.
 14721 | Lair:4   | 14721 ||| READING 3 scrolls labelled LAYZIA ZENATHRA.
 14737 | Lair:4   | 14737 ||| DRINKING 2 yellow potions.
 14738 | Lair:4   | 14738 ||| DROPPING 2 scrolls of torment.
 14756 | Lair:5   | Entered Level 5 of the Lair of Beasts
 14766 | Lair:5   | Received a gift from Okawaru
 14772 | Lair:5   | 14772 ||| STAIRDANCE
 14775 | Lair:4   | 14775 ||| INVOKING Heroism.
 14828 | Lair:5   | 14828 ||| INVOKING Finesse.
 14829 | Lair:5   | Found a staircase to the Slime Pits.
 14829 | Lair:5   | Found a viscous altar of Jiyva.
 14855 | Lair:5   | 14855 ||| INVOKING Heroism.
 14903 | Lair:5   | 14903 ||| Stepping ~*~*~tactically~*~*~ (stealth).
 14914 | Lair:5   | Reached skill level 15 in Axes
 14921 | Lair:5   | Received a gift from Okawaru
 14931 | Lair:5   | 14931 ||| Stepping ~*~*~tactically~*~*~ (hiding).
 14932 | Lair:5   | 14932 ||| Stepping ~*~*~tactically~*~*~ (hiding).
 14933 | Lair:5   | 14933 ||| Stepping ~*~*~tactically~*~*~ (hiding).
 14935 | Lair:5   | 14935 ||| Stepping ~*~*~tactically~*~*~ (hiding).
 15004 | Lair:5   | Reached skill level 3 in Dodging
 15062 | Lair:5   | 15062 ||| Stepping ~*~*~tactically~*~*~ (stealth).
 15063 | Lair:5   | 15063 ||| Stepping ~*~*~tactically~*~*~ (stealth).
 15126 | Lair:5   | Identified the +0 bardiche of the Known World {heavy,
                  | rPois} (Okawaru gifted it to you on level 5 of the Lair of
                  | Beasts)
 15126 | Lair:5   | Received a gift from Okawaru
 15170 | Lair:5   | Reached skill level 12 in Fighting
 15184 | Lair:5   | 15184 ||| INVOKING Heroism.
 15288 | Lair:5   | 15288 ||| Stepping ~*~*~tactically~*~*~ (stealth).
 15361 | Lair:5   | 15361 ||| Stepping ~*~*~tactically~*~*~ (stealth).
 15363 | Lair:5   | 15363 ||| INVOKING Heroism.
 15364 | Lair:5   | 15364 ||| INVOKING Finesse.
 15406 | Lair:5   | 15406 ||| Stepping ~*~*~tactically~*~*~ (stealth).
 15407 | Lair:5   | 15407 ||| Stepping ~*~*~tactically~*~*~ (stealth).
 15410 | Lair:5   | 15410 ||| Stepping ~*~*~tactically~*~*~ (stealth).
 15411 | Lair:5   | 15411 ||| Stepping ~*~*~tactically~*~*~ (stealth).
 15448 | Lair:5   | 15448 ||| Stepping ~*~*~tactically~*~*~ (stealth).
 15451 | Lair:5   | 15451 ||| Stepping ~*~*~tactically~*~*~ (stealth).
 15452 | Lair:5   | 15452 ||| Stepping ~*~*~tactically~*~*~ (stealth).
 15453 | Lair:5   | 15453 ||| Stepping ~*~*~tactically~*~*~ (stealth).
 15454 | Lair:5   | 15454 ||| Stepping ~*~*~tactically~*~*~ (stealth).
 15456 | Lair:5   | 15456 ||| Stepping ~*~*~tactically~*~*~ (stealth).
 15466 | Lair:5   | 15466 ||| FLEEEEING.
 15467 | Lair:5   | 15467 ||| FLEEEEING.
 15468 | Lair:5   | 15468 ||| FLEEEEING.
 15469 | Lair:5   | 15469 ||| FLEEEEING.
 15471 | Lair:5   | 15471 ||| FLEEEEING.
 15472 | Lair:5   | 15472 ||| FLEEEEING.
 15473 | Lair:5   | 15473 ||| FLEEEEING.
 15474 | Lair:5   | 15474 ||| FLEEEEING.
 15476 | Lair:5   | 15476 ||| FLEEEEING.
 15478 | Lair:5   | 15478 ||| FLEEEEING.
 15479 | Lair:5   | 15479 ||| FLEEEEING.
 15480 | Lair:5   | 15480 ||| FLEEEEING.
 15481 | Lair:5   | 15481 ||| FLEEEEING.
 15482 | Lair:5   | 15482 ||| FLEEEEING.
 15483 | Lair:5   | 15483 ||| FLEEEEING.
 15484 | Lair:5   | 15484 ||| FLEEEEING.
 15486 | Lair:5   | 15486 ||| INVOKING Heroism.
 15530 | Lair:5   | Identified the +10 trident "Leijufif" {freeze, rF+ Int+7}
 15585 | Lair:5   | 15585 ||| INVOKING Heroism.
 15786 | Lair:5   | 15786 ||| Stepping ~*~*~tactically~*~*~ (stealth).
 15792 | Lair:5   | 15792 ||| INVOKING Heroism.
 15855 | Lair:5   | 15855 ||| INVOKING Heroism.
 15856 | Lair:5   | 15856 ||| INVOKING Finesse.
 15862 | Lair:5   | 15862 ||| SWAPPING to +0 eveningstar.
 15864 | Lair:5   | 15864 ||| SWAPPING to +8 war axe of Wisdom {antimagic,
                  | Drain rElec Str+4 SInv}.
 16109 | Lair:5   | 16109 ||| PLANNING D:1-11
 16346 | D:11     | Received a gift from Okawaru
 16413 | D:11     | 16413 ||| Stepping ~*~*~tactically~*~*~ (stealth).
 16414 | D:11     | 16414 ||| Stepping ~*~*~tactically~*~*~ (stealth).
 16452 | D:11     | Noticed Fannar
 16453 | D:11     | 16453 ||| Stepping ~*~*~tactically~*~*~ (stealth).
 16454 | D:11     | 16454 ||| Stepping ~*~*~tactically~*~*~ (stealth).
 16455 | D:11     | 16455 ||| Stepping ~*~*~tactically~*~*~ (stealth).
 16469 | D:11     | Killed Fannar
 16470 | D:11     | Reached XP level 15. HP: 84/92 MP: 7/22
 16565 | D:11     | 16565 ||| INVOKING Heroism.
 16732 | D:11     | 16732 ||| Stepping ~*~*~tactically~*~*~ (stealth).
 16734 | D:11     | 16734 ||| Stepping ~*~*~tactically~*~*~ (hiding).
 16887 | D:11     | 16887 ||| PLANNING D
 16887 | D:11     | 16887 ||| READING 4 scrolls of identify.
 16887 | D:11     | 16887 ||| IDENTIFYING lumpy yellow potion
 16888 | D:11     | 16888 ||| DROPPING potion of ambrosia.
 16907 | D:12     | 16907 ||| STAIRDANCE
 16974 | D:12     | 16974 ||| Stepping ~*~*~tactically~*~*~ (stealth).
 16981 | D:12     | 16981 ||| Stepping ~*~*~tactically~*~*~ (stealth).
 16992 | D:12     | 16992 ||| READING 8 scrolls of teleportation.
 17045 | D:12     | Reached skill level 13 in Fighting
 17152 | D:12     | Identified the ring "Haorho Foot" {Fire Drain rN+ SInv
                  | Stlth+}
 17183 | D:12     | 17183 ||| READING scroll of enchant armour.
 17183 | D:12     | 17183 ||| ENCHANTING +1 pair of gloves.
 17198 | D:12     | Identified the +5 dagger of the Vase {venom, Drain rPois
                  | Dex+2}
 17337 | D:12     | 17337 ||| Stepping ~*~*~tactically~*~*~ (hiding).
 17338 | D:12     | 17338 ||| Stepping ~*~*~tactically~*~*~ (hiding).
 17339 | D:12     | 17339 ||| Stepping ~*~*~tactically~*~*~ (hiding).
 17366 | D:12     | 17366 ||| Stepping ~*~*~tactically~*~*~ (hiding).
 17368 | D:12     | 17368 ||| Stepping ~*~*~tactically~*~*~ (hiding).
 17369 | D:12     | 17369 ||| Stepping ~*~*~tactically~*~*~ (hiding).
 17736 | D:12     | 17736 ||| Stepping ~*~*~tactically~*~*~ (stealth).
 17870 | D:13     | Noticed Sonja
 17871 | D:13     | 17871 ||| INVOKING Finesse.
 17888 | D:13     | Killed Sonja
 17941 | D:13     | 17941 ||| Stepping ~*~*~tactically~*~*~ (stealth).
 17945 | D:13     | 17945 ||| Stepping ~*~*~tactically~*~*~ (stealth).
 18151 | D:13     | Noticed Maurice
 18159 | D:13     | Killed Maurice
 18173 | D:13     | Noticed Nessos
 18174 | D:13     | 18174 ||| Stepping ~*~*~tactically~*~*~ (hiding).
 18175 | D:13     | 18175 ||| INVOKING Finesse.
 18185 | D:13     | Killed Nessos
 18251 | D:13     | 18251 ||| Stepping ~*~*~tactically~*~*~ (hiding).
 18252 | D:13     | 18252 ||| Stepping ~*~*~tactically~*~*~ (hiding).
 18253 | D:13     | 18253 ||| Stepping ~*~*~tactically~*~*~ (hiding).
 18370 | D:13     | 18370 ||| INVOKING Heroism.
 18700 | D:13     | 18700 ||| UPGRADING to +0 cloak.
 18705 | D:13     | 18705 ||| DROPPING amulet of guardian spirit.
 18706 | D:13     | 18706 ||| READING scroll labelled QASIBB OKEDIF.
 18707 | D:13     | 18707 ||| READING 7 scrolls of identify.
 18707 | D:13     | 18707 ||| IDENTIFYING fuming blue potion
 18808 | D:14     | 18808 ||| Stepping ~*~*~tactically~*~*~ (hiding).
 18817 | D:14     | Reached skill level 12 in Armour
 19065 | D:14     | 19065 ||| Stepping ~*~*~tactically~*~*~ (stealth).
 19067 | D:14     | 19067 ||| Stepping ~*~*~tactically~*~*~ (stealth).
 19069 | D:14     | 19069 ||| Stepping ~*~*~tactically~*~*~ (hiding).
 19078 | D:14     | Noticed Azrael
 19079 | D:14     | 19079 ||| Stepping ~*~*~tactically~*~*~ (hiding).
 19082 | D:14     | 19082 ||| INVOKING Heroism.
 19083 | D:14     | 19083 ||| INVOKING Finesse.
 19084 | D:14     | 19084 ||| INVOKING Finesse.
 19093 | D:14     | Killed Azrael
 19119 | D:14     | 19119 ||| Stepping ~*~*~tactically~*~*~ (stealth).
 19121 | D:14     | 19121 ||| Stepping ~*~*~tactically~*~*~ (stealth).
 19123 | D:14     | 19123 ||| Stepping ~*~*~tactically~*~*~ (stealth).
 19190 | D:14     | Found a runed translucent gate.
 19190 | D:14     | Found a runed translucent gate.
 19191 | D:14     | Found a runed translucent gate.
 19193 | D:14     | Noticed Cofimnas's ghost (journeyman FoFi)
 19211 | D:14     | Noticed Frances
 19212 | D:14     | 19212 ||| Stepping ~*~*~tactically~*~*~ (hiding).
 19215 | D:14     | 19215 ||| Stepping ~*~*~tactically~*~*~ (hiding).
 19216 | D:14     | 19216 ||| Stepping ~*~*~tactically~*~*~ (hiding).
 19217 | D:14     | 19217 ||| INVOKING Heroism.
 19233 | D:14     | Killed Frances
 19233 | D:14     | Received a gift from Okawaru
 19259 | D:14     | Found Uqesh's Assorted Antiques.
 19266 | D:14     | 19266 ||| BUYING potion of curing (96 gold).
 19266 | D:14     | Bought a potion of curing for 96 gold pieces
 19266 | D:14     | 19266 ||| BUYING runed granite ring (160 gold).
 19266 | D:14     | Bought a runed granite ring for 160 gold pieces
 19266 | D:14     | 19266 ||| BUYING scroll of identify (64 gold).
 19266 | D:14     | Bought a scroll of identify for 64 gold pieces
 19266 | D:14     | 19266 ||| BUYING scroll of identify (64 gold).
 19266 | D:14     | Bought a scroll of identify for 64 gold pieces
 19266 | D:14     | 19266 ||| BUYING scroll of identify (64 gold).
 19266 | D:14     | Bought a scroll of identify for 64 gold pieces
 19319 | D:14     | Found a gate to the Vaults.
 19321 | D:14     | 19321 ||| INVOKING Heroism.
 19330 | D:14     | HP: 18/98 [catoblepas (9)]
 19331 | D:14     | 19331 ||| READING 7 scrolls of teleportation.
 19331 | D:14     | HP: 5/98 [vault guard/+0 halberd (13)]
 19332 | D:14     | 19332 ||| DRINKING 2 potions of heal wounds.
 19459 | D:14     | 19459 ||| Stepping ~*~*~tactically~*~*~ (stealth).
 19468 | D:14     | 19468 ||| INVOKING Heroism.
 19494 | D:14     | HP: 21/98 [centaur warrior/arrow (20)]
 19495 | D:14     | 19495 ||| READING 6 scrolls of teleportation.
 19496 | D:14     | 19496 ||| DRINKING potion of heal wounds.
 19515 | D:14     | 19515 ||| Stepping ~*~*~tactically~*~*~ (stealth).
 19522 | D:14     | 19522 ||| INVOKING Heroism.
 19528 | D:14     | Reached skill level 9 in Shields
 19591 | D:14     | 19591 ||| Stepping ~*~*~tactically~*~*~ (stealth).
 19618 | D:14     | 19618 ||| Stepping ~*~*~tactically~*~*~ (stealth).
 19694 | D:14     | Found an iron altar of Okawaru.
 19870 | D:14     | 19870 ||| UPGRADING to +4 ring of protection.
 19897 | D:15     | Entered Level 15 of the Dungeon
 19901 | D:15     | 19901 ||| STAIRDANCE
 20054 | D:15     | 20054 ||| INVOKING Heroism.
 20089 | D:15     | 20089 ||| INVOKING Finesse.
 20213 | D:15     | 20213 ||| Stepping ~*~*~tactically~*~*~ (hiding).
 20267 | D:15     | 20267 ||| Stepping ~*~*~tactically~*~*~ (stealth).
 20344 | D:15     | Found a glowing golden altar of the Shining One.
 20535 | D:15     | 20535 ||| INVOKING Heroism.
 20546 | D:15     | Received a gift from Okawaru
 20547 | D:15     | Reached skill level 14 in Fighting
 20585 | D:15     | Found Zuusopov's Weapon Emporium.
 20653 | D:15     | Found a portal to a secret trove of treasure.
 20746 | D:15     | 20746 ||| Stepping ~*~*~tactically~*~*~ (hiding).
 20748 | D:15     | 20748 ||| Stepping ~*~*~tactically~*~*~ (hiding).
 20774 | D:15     | 20774 ||| INVOKING Heroism.
 20785 | D:15     | Reached XP level 16. HP: 95/106 MP: 5/23
 20835 | D:15     | 20835 ||| INVOKING Heroism.
 20915 | D:15     | 20915 ||| Stepping ~*~*~tactically~*~*~ (hiding).
 20919 | D:15     | 20919 ||| INVOKING Heroism.
 20995 | D:15     | Found a staircase to the Depths.
 21016 | D:15     | 21016 ||| PLANNING ORC
 21016 | D:15     | 21016 ||| UPGRADING to +0 kite shield.
 21026 | D:15     | 21026 ||| DROPPING +0 buckler.
 21027 | D:15     | 21027 ||| DROPPING ring of positive energy.
 21028 | D:15     | 21028 ||| READING 11 scrolls of identify.
 21028 | D:15     | 21028 ||| IDENTIFYING fizzy red potion
 21144 | Orc:1    | Entered Level 1 of the Orcish Mines
 21265 | Orc:1    | 21265 ||| Stepping ~*~*~tactically~*~*~ (hiding).
 21316 | Orc:1    | 21316 ||| Stepping ~*~*~tactically~*~*~ (stealth).
 21622 | Orc:2    | Entered Level 2 of the Orcish Mines
 21689 | Orc:2    | 21689 ||| INVOKING Heroism.
 21726 | Orc:2    | 21726 ||| INVOKING Finesse.
 21726 | Orc:2    | HP: 24/106 [orc warrior/+0 halberd (18)]
 21727 | Orc:2    | 21727 ||| READING 6 scrolls of teleportation.
 21753 | Orc:2    | 21753 ||| INVOKING Heroism.
 21756 | Orc:2    | HP: 26/106 [orc priest/divine providence[an orc warlord]
                  | (12)]
 21757 | Orc:2    | 21757 ||| READING 5 scrolls of teleportation.
 21771 | Orc:2    | HP: 25/106 [ettin/+0 great mace (3)]
 21772 | Orc:2    | 21772 ||| READING 4 scrolls of teleportation.
 21774 | Orc:2    | HP: 8/106 [ettin/+0 great mace (14)]
 21822 | Orc:2    | 21822 ||| INVOKING Heroism.
 21826 | Orc:2    | Received a gift from Okawaru
 21923 | Orc:2    | 21923 ||| Stepping ~*~*~tactically~*~*~ (stealth).
 21924 | Orc:2    | 21924 ||| Stepping ~*~*~tactically~*~*~ (stealth).
 21962 | Orc:2    | 21962 ||| INVOKING Heroism.
 21966 | Orc:2    | 21966 ||| DRINKING 4 potions of curing.
 21966 | Orc:2    | 21966 ||| (to cure confusion)
 21994 | Orc:2    | Found Giudwij's Antique Weapon Emporium.
 21996 | Orc:2    | Found Ososi's Antique Armour Shoppe.
 22009 | Orc:2    | 22009 ||| SHOPLISTING shiny crystal plate armour (2822
                  | gold, have 1430).
 22024 | Orc:2    | Found a staircase to the Elven Halls.
 22040 | Orc:2    | 22040 ||| INVOKING Heroism.
 22105 | Orc:2    | 22105 ||| Stepping ~*~*~tactically~*~*~ (hiding).
 22106 | Orc:2    | Noticed Saint Roka
 22107 | Orc:2    | 22107 ||| Stepping ~*~*~tactically~*~*~ (hiding).
 22119 | Orc:2    | 22119 ||| Stepping ~*~*~tactically~*~*~ (hiding).
 22142 | Orc:2    | 22142 ||| Stepping ~*~*~tactically~*~*~ (stealth).
 22143 | Orc:2    | 22143 ||| Stepping ~*~*~tactically~*~*~ (stealth).
 22144 | Orc:2    | 22144 ||| Stepping ~*~*~tactically~*~*~ (stealth).
 22146 | Orc:2    | 22146 ||| INVOKING Heroism.
 22159 | Orc:2    | HP: 23/106 [Saint Roka/divine providence (14)]
 22160 | Orc:2    | 22160 ||| READING 3 scrolls of teleportation.
 22264 | Orc:2    | 22264 ||| INVOKING Heroism.
 22284 | Orc:2    | Killed Saint Roka
 22349 | Orc:2    | 22349 ||| Stepping ~*~*~tactically~*~*~ (hiding).
 22352 | Orc:2    | 22352 ||| Stepping ~*~*~tactically~*~*~ (hiding).
 22457 | Orc:2    | 22457 ||| Stepping ~*~*~tactically~*~*~ (stealth).
 22459 | Orc:2    | 22459 ||| Stepping ~*~*~tactically~*~*~ (stealth).
 22463 | Orc:2    | 22463 ||| INVOKING Heroism.
 22520 | Orc:2    | 22520 ||| INVOKING Heroism.
 22544 | Orc:2    | Found Cemoi's Assorted Antiques.
 22549 | Orc:2    | 22549 ||| BUYING 2 potions of curing (126 gold).
 22549 | Orc:2    | Bought 2 potions of curing for 126 gold pieces
 22549 | Orc:2    | 22549 ||| BUYING scroll of teleportation (63 gold).
 22549 | Orc:2    | Bought a scroll of teleportation for 63 gold pieces
 22672 | Orc:2    | 22672 ||| Stepping ~*~*~tactically~*~*~ (hiding).
 22673 | Orc:2    | 22673 ||| Stepping ~*~*~tactically~*~*~ (hiding).
 22676 | Orc:2    | Found Vytuxt's General Store.
 22714 | Orc:2    | 22714 ||| BUYING potion of magic (136 gold).
 22714 | Orc:2    | Bought a potion of magic for 136 gold pieces
 22714 | Orc:2    | 22714 ||| BUYING scroll of teleportation (51 gold).
 22714 | Orc:2    | Bought a scroll of teleportation for 51 gold pieces
 22869 | Orc:2    | 22869 ||| Stepping ~*~*~tactically~*~*~ (hiding).
 22964 | Orc:2    | 22964 ||| Stepping ~*~*~tactically~*~*~ (hiding).
 23119 | Orc:2    | 23119 ||| Stepping ~*~*~tactically~*~*~ (hiding).
 23120 | Orc:2    | 23120 ||| Stepping ~*~*~tactically~*~*~ (hiding).
 23295 | Orc:2    | 23295 ||| PLANNING SPIDER:1-3
 23443 | Spider:1 | Entered Level 1 of the Spider Nest
 23497 | Spider:1 | 23497 ||| Stepping ~*~*~tactically~*~*~ (hiding).
 23509 | Spider:1 | Reached skill level 12 in Shields
 23529 | Spider:1 | 23529 ||| Stepping ~*~*~tactically~*~*~ (stealth).
 23690 | Spider:1 | 23690 ||| Stepping ~*~*~tactically~*~*~ (stealth).
 23703 | Spider:1 | 23703 ||| Stepping ~*~*~tactically~*~*~ (stealth).
 23704 | Spider:1 | 23704 ||| Stepping ~*~*~tactically~*~*~ (stealth).
 23716 | Spider:1 | Received a gift from Okawaru
 23731 | Spider:1 | 23731 ||| Stepping ~*~*~tactically~*~*~ (hiding).
 23733 | Spider:1 | 23733 ||| Stepping ~*~*~tactically~*~*~ (hiding).
 23794 | Spider:1 | 23794 ||| Stepping ~*~*~tactically~*~*~ (stealth).
 23838 | Spider:1 | Identified the +0 robe "Alaven" {rF+}
 24079 | Spider:1 | 24079 ||| Stepping ~*~*~tactically~*~*~ (stealth).
 24225 | Spider:1 | 24225 ||| Stepping ~*~*~tactically~*~*~ (hiding).
 24249 | Spider:1 | 24249 ||| Stepping ~*~*~tactically~*~*~ (stealth).
 24270 | Spider:1 | 24270 ||| Stepping ~*~*~tactically~*~*~ (stealth).
 24274 | Spider:1 | 24274 ||| Stepping ~*~*~tactically~*~*~ (hiding).
 24287 | Spider:1 | 24287 ||| INVOKING Heroism.
 24290 | Spider:1 | Received a gift from Okawaru
 24418 | Spider:1 | 24418 ||| Stepping ~*~*~tactically~*~*~ (stealth).
 24489 | Spider:1 | 24489 ||| Stepping ~*~*~tactically~*~*~ (stealth).
 24490 | Spider:1 | 24490 ||| FLEEEEING.
 24491 | Spider:1 | 24491 ||| FLEEEEING.
 24492 | Spider:1 | 24492 ||| FLEEEEING.
 24493 | Spider:1 | 24493 ||| FLEEEEING.
 24804 | Spider:1 | 24804 ||| DROPPING -2 hat.
 24805 | Spider:1 | 24805 ||| UPGRADING to +1 cloak.
 24815 | Spider:1 | 24815 ||| DROPPING +0 cloak.
 24945 | Spider:2 | 24945 ||| Stepping ~*~*~tactically~*~*~ (stealth).
 24960 | Spider:2 | 24960 ||| INVOKING Heroism.
 24989 | Spider:2 | 24989 ||| INVOKING Heroism.
 25040 | Spider:2 | 25040 ||| INVOKING Heroism.
 25095 | Spider:2 | Noticed Donald
 25096 | Spider:2 | 25096 ||| INVOKING Heroism.
 25101 | Spider:2 | Killed Donald
 25119 | Spider:2 | 25119 ||| DROPPING +1 morningstar of holy wrath.
 25120 | Spider:2 | 25120 ||| DROPPING +0 eveningstar.
 25121 | Spider:2 | 25121 ||| DROPPING +0 broad axe of draining.
 25340 | Spider:2 | Received a gift from Okawaru
 25386 | Spider:2 | 25386 ||| Stepping ~*~*~tactically~*~*~ (stealth).
 25439 | Spider:2 | 25439 ||| Stepping ~*~*~tactically~*~*~ (stealth).
 25465 | Spider:2 | Reached XP level 17. HP: 106/111 MP: 8/24
 25545 | Spider:2 | Received a gift from Okawaru
 25708 | Spider:2 | 25708 ||| UPGRADING to +0 kite shield of reflection.
 25718 | Spider:2 | 25718 ||| DROPPING +0 kite shield.
 25795 | Spider:3 | 25795 ||| INVOKING Heroism.
 26019 | Spider:3 | 26019 ||| INVOKING Heroism.
 26075 | Spider:3 | 26075 ||| Stepping ~*~*~tactically~*~*~ (stealth).
 26227 | Spider:3 | 26227 ||| Stepping ~*~*~tactically~*~*~ (hiding).
 26294 | Spider:3 | 26294 ||| Stepping ~*~*~tactically~*~*~ (hiding).
 26417 | Spider:3 | Reached skill level 15 in Fighting
 26450 | Spider:3 | 26450 ||| INVOKING Heroism.
 26526 | Spider:3 | 26526 ||| INVOKING Heroism.
 26622 | Spider:3 | 26622 ||| Stepping ~*~*~tactically~*~*~ (hiding).
 27032 | Spider:3 | 27032 ||| PLANNING SHOALS:1-3
 27221 | Shoals:1 | Entered Level 1 of the Shoals
 27238 | Shoals:1 | 27238 ||| INVOKING Heroism.
 27398 | Shoals:1 | Noticed Aizul
 27399 | Shoals:1 | 27399 ||| Stepping ~*~*~tactically~*~*~ (hiding).
 27404 | Shoals:1 | 27404 ||| INVOKING Heroism.
 27419 | Shoals:1 | Killed Aizul
 27430 | Shoals:1 | HP: 26/113 [merfolk/+0 trident (11)]
 27431 | Shoals:1 | 27431 ||| READING 4 scrolls of teleportation.
 27432 | Shoals:1 | 27432 ||| DRINKING potion of heal wounds.
 27434 | Shoals:1 | HP: 12/113 [merfolk impaler/+0 demon trident of flaming
                  | (5)]
 27436 | Shoals:1 | 27436 ||| READING 3 scrolls of teleportation.
 27442 | Shoals:1 | 27442 ||| READING 2 scrolls of teleportation.
 27447 | Shoals:1 | 27447 ||| READING scroll of teleportation.
 27452 | Shoals:1 | HP: 12/113 [merfolk/silver boomerang (11)]
 27453 | Shoals:1 | 27453 ||| INVOKING Heroism.
 27459 | Shoals:1 | HP: 12/113 [merfolk/+0 trident (5)]
 27465 | Shoals:1 | HP: 9/113 [merfolk/+0 trident (8)]
 27478 | Shoals:1 | HP: 17/113 [merfolk/+0 trident (1)]
 27490 | Shoals:1 | HP: 25/113 [merfolk impaler/+0 demon trident of flaming
                  | (3)]
 27498 | Shoals:1 | HP: 22/113 [merfolk impaler/+0 demon trident of flaming
                  | (8)]
 27500 | Shoals:1 | 27500 ||| INVOKING Heroism.
 27500 | Shoals:1 | HP: 3/113 [merfolk impaler/+0 trident (10)]
 27749 | Shoals:1 | Reached skill level 15 in Armour
 27775 | Shoals:1 | 27775 ||| Stepping ~*~*~tactically~*~*~ (hiding).
 27776 | Shoals:1 | 27776 ||| Stepping ~*~*~tactically~*~*~ (hiding).
 27849 | Shoals:1 | 27849 ||| READING scroll of enchant armour.
 27849 | Shoals:1 | 27849 ||| ENCHANTING +0 helmet.
 27863 | Shoals:1 | 27863 ||| Stepping ~*~*~tactically~*~*~ (stealth).
 28540 | Shoals:2 | 28540 ||| INVOKING Heroism.
 28541 | Shoals:2 | 28541 ||| INVOKING Finesse.
 28565 | Shoals:2 | Reached skill level 15 in Shields
 28614 | Shoals:2 | 28614 ||| READING scroll of enchant armour.
 28614 | Shoals:2 | 28614 ||| ENCHANTING +1 helmet.
 28752 | Shoals:2 | Found Balaz's Weapon Emporium.
 28763 | Shoals:2 | 28763 ||| INVOKING Heroism.
 28938 | Shoals:2 | 28938 ||| INVOKING Heroism.
 29256 | Shoals:2 | 29256 ||| READING 19 scrolls of identify.
 29256 | Shoals:2 | 29256 ||| IDENTIFYING sapphire potion
 29285 | Shoals:3 | Identified a scroll of acquirement
 29285 | Shoals:3 | Found Giffi's Jewellery Boutique.
 29287 | Shoals:3 | 29287 ||| INVOKING Heroism.
 29304 | Shoals:3 | Received a gift from Okawaru
 29315 | Shoals:3 | Reached skill level 9 in Throwing
 29401 | Shoals:3 | 29401 ||| BUYING ring of protection from fire (500 gold).
 29401 | Shoals:3 | Bought a ring of protection from fire for 500 gold pieces
 29410 | Shoals:3 | 29410 ||| READING scroll of acquirement.
 29410 | Shoals:3 | 29410 ||| ACQUIRING amulet of faith
 29410 | Shoals:3 | Acquired an amulet of faith
 29412 | Shoals:3 | 29412 ||| UPGRADING to amulet of faith.
 29461 | Shoals:3 | 29461 ||| Stepping ~*~*~tactically~*~*~ (hiding).
 29471 | Shoals:3 | 29471 ||| Stepping ~*~*~tactically~*~*~ (hiding).
 29473 | Shoals:3 | 29473 ||| Stepping ~*~*~tactically~*~*~ (hiding).
 29474 | Shoals:3 | 29474 ||| Stepping ~*~*~tactically~*~*~ (hiding).
 29475 | Shoals:3 | 29475 ||| Stepping ~*~*~tactically~*~*~ (hiding).
 29477 | Shoals:3 | 29477 ||| Stepping ~*~*~tactically~*~*~ (hiding).
 29518 | Shoals:3 | 29518 ||| Stepping ~*~*~tactically~*~*~ (stealth).
 29521 | Shoals:3 | 29521 ||| Stepping ~*~*~tactically~*~*~ (stealth).
 29523 | Shoals:3 | 29523 ||| Stepping ~*~*~tactically~*~*~ (hiding).
 29524 | Shoals:3 | 29524 ||| Stepping ~*~*~tactically~*~*~ (hiding).
 29634 | Shoals:3 | 29634 ||| Stepping ~*~*~tactically~*~*~ (hiding).
 29636 | Shoals:3 | 29636 ||| Stepping ~*~*~tactically~*~*~ (hiding).
 29657 | Shoals:3 | 29657 ||| Stepping ~*~*~tactically~*~*~ (hiding).
 29658 | Shoals:3 | 29658 ||| Stepping ~*~*~tactically~*~*~ (hiding).
 29659 | Shoals:3 | 29659 ||| Stepping ~*~*~tactically~*~*~ (hiding).
 29660 | Shoals:3 | 29660 ||| Stepping ~*~*~tactically~*~*~ (hiding).
 29681 | Shoals:3 | 29681 ||| Stepping ~*~*~tactically~*~*~ (stealth).
 29733 | Shoals:3 | 29733 ||| INVOKING Heroism.
 29742 | Shoals:3 | Reached XP level 18. HP: 72/120 MP: 6/25
 29745 | Shoals:3 | Received a gift from Okawaru
 29749 | Shoals:3 | Reached skill level 16 in Fighting
 30300 | Shoals:3 | 30300 ||| Stepping ~*~*~tactically~*~*~ (stealth).
 30315 | Shoals:3 | Noticed Polyphemus
 30316 | Shoals:3 | 30316 ||| INVOKING Heroism.
 30317 | Shoals:3 | 30317 ||| INVOKING Finesse.
 30358 | Shoals:3 | HP: 21/120 [Polyphemus (18)]
 30358 | Shoals:3 | HP: 5/120 [Polyphemus (16)]
 30359 | Shoals:3 | 30359 ||| READING scroll of teleportation.
 30360 | Shoals:3 | 30360 ||| DRINKING potion of heal wounds.
 30363 | Shoals:3 | Killed Polyphemus
 30746 | Shoals:3 | 30746 ||| PLANNING SPIDER:4
 31005 | Spider:4 | Entered Level 4 of the Spider Nest
 31006 | Spider:4 | 31006 ||| INVOKING Finesse.
 31012 | Spider:4 | 31012 ||| STAIRDANCE
 31063 | Spider:4 | 31063 ||| INVOKING Heroism.
 31078 | Spider:4 | HP: 27/120 [radroach (7)]
 31088 | Spider:4 | HP: 26/120 [moth of wrath (4)]
 31093 | Spider:4 | 31093 ||| INVOKING Finesse.
 31093 | Spider:4 | HP: 27/120 [wolf spider (1)]
 31099 | Spider:4 | HP: 27/120 [jumping spider (1)]
 31108 | Spider:4 | HP: 20/120 [wolf spider (1)]
 31121 | Spider:4 | 31121 ||| INVOKING Heroism.
 31163 | Spider:4 | 31163 ||| FLEEEEING.
 31171 | Spider:4 | 31171 ||| STAIRDANCE
 31394 | Spider:4 | Received a gift from Okawaru
 31491 | Spider:4 | 31491 ||| Stepping ~*~*~tactically~*~*~ (stealth).
 31494 | Spider:4 | 31494 ||| Stepping ~*~*~tactically~*~*~ (stealth).
 31495 | Spider:4 | 31495 ||| Stepping ~*~*~tactically~*~*~ (stealth).
 31925 | Spider:4 | Reached skill level 17 in Fighting
 31960 | Spider:4 | 31960 ||| INVOKING Finesse.
 32056 | Spider:4 | 32056 ||| Stepping ~*~*~tactically~*~*~ (hiding).
 32058 | Spider:4 | 32058 ||| Stepping ~*~*~tactically~*~*~ (hiding).
 32060 | Spider:4 | 32060 ||| INVOKING Finesse.
 32110 | Spider:4 | 32110 ||| Stepping ~*~*~tactically~*~*~ (stealth).
 32111 | Spider:4 | 32111 ||| Stepping ~*~*~tactically~*~*~ (stealth).
 32112 | Spider:4 | 32112 ||| Stepping ~*~*~tactically~*~*~ (stealth).
 32113 | Spider:4 | 32113 ||| Stepping ~*~*~tactically~*~*~ (stealth).
 32130 | Spider:4 | Received a gift from Okawaru
 32271 | Spider:4 | 32271 ||| INVOKING Heroism.
 32541 | Spider:4 | Got a gossamer rune of Zot
 32542 | Spider:4 | 32542 ||| DROPPING scarf of shadows.
 32543 | Spider:4 | 32543 ||| PLANNING VAULTS:1-4
 32543 | Spider:4 | 32543 ||| UPGRADING to +2 hat of willpower.
 32553 | Spider:4 | 32553 ||| UPGRADING to +2 pair of gloves of strength.
 32563 | Spider:4 | 32563 ||| DROPPING +2 pair of gloves.
 32926 | Vaults:1 | Entered Level 1 of the Vaults
 32954 | Vaults:1 | 32954 ||| INVOKING Heroism.
 33074 | Vaults:1 | 33074 ||| Stepping ~*~*~tactically~*~*~ (stealth).
 33075 | Vaults:1 | 33075 ||| Stepping ~*~*~tactically~*~*~ (stealth).
 33077 | Vaults:1 | 33077 ||| Stepping ~*~*~tactically~*~*~ (stealth).
 33078 | Vaults:1 | 33078 ||| INVOKING Heroism.
 33283 | Vaults:1 | Identified the +7 ring mail of Nahat {Harm Int+3 Dex+2}
 33428 | Vaults:1 | 33428 ||| INVOKING Heroism.
 33477 | Vaults:1 | Identified the amulet "Xuenloepn" {Spirit +Blink rC+ SInv}
 33492 | Vaults:1 | 33492 ||| Stepping ~*~*~tactically~*~*~ (hiding).
 33493 | Vaults:1 | 33493 ||| Stepping ~*~*~tactically~*~*~ (hiding).
 33746 | Vaults:1 | Found Gozag's Antique Weapon Boutique.
 33748 | Vaults:1 | Found Gozag's Antique Weapon Shop.
 33816 | Vaults:1 | 33816 ||| INVOKING Heroism.
 33817 | Vaults:1 | 33817 ||| INVOKING Finesse.
 33885 | Vaults:1 | Found an opulent altar of Gozag.
 33893 | Vaults:1 | Found Gozag's Antique Armour Boutique.
 33896 | Vaults:1 | 33896 ||| BUYING glowing war axe (650 gold).
 33896 | Vaults:1 | Bought a glowing war axe for 650 gold pieces
 33896 | Vaults:1 | 33896 ||| DROPPING +0 war axe of distortion.
 33901 | Vaults:1 | You are sucked into a shaft and drop 1 floor!
 33912 | Vaults:2 | 33912 ||| DROPPING +2 pair of gloves of dexterity.
 33913 | Vaults:2 | 33913 ||| DROPPING +6 ring of intelligence.
 33933 | Vaults:1 | 33933 ||| INVOKING Heroism.
 33934 | Vaults:1 | 33934 ||| INVOKING Finesse.
 34002 | Vaults:1 | Reached XP level 19. HP: 99/128 MP: 8/26
 34088 | Vaults:1 | 34088 ||| SHOPLISTING +0 mask of the Dragon {Will+ Slay+3
                  | SInv} (3340 gold, have 794).
 34088 | Vaults:1 | 34088 ||| BUYING embroidered cloak (750 gold).
 34088 | Vaults:1 | Bought an embroidered cloak for 750 gold pieces
 34088 | Vaults:1 | 34088 ||| SHOPLISTING pair of runed gloves (750 gold, have
                  | 44).
 34088 | Vaults:1 | 34088 ||| SHOPLISTING shiny chain mail (750 gold, have 44).
 34088 | Vaults:1 | 34088 ||| SHOPLISTING shiny helmet (750 gold, have 44).
 34117 | Vaults:1 | 34117 ||| INVOKING Heroism.
 34457 | Vaults:1 | 34457 ||| Stepping ~*~*~tactically~*~*~ (hiding).
 34468 | Vaults:1 | 34468 ||| FLEEEEING.
 34469 | Vaults:1 | 34469 ||| FLEEEEING.
 34470 | Vaults:1 | 34470 ||| FLEEEEING.
 34472 | Vaults:1 | 34472 ||| FLEEEEING.
 34473 | Vaults:1 | 34473 ||| FLEEEEING.
 34476 | Vaults:1 | 34476 ||| Stepping ~*~*~tactically~*~*~ (hiding).
 34481 | Vaults:1 | 34481 ||| INVOKING Heroism.
 34863 | Vaults:1 | Reached skill level 18 in Fighting
 34972 | Vaults:1 | 34972 ||| UPGRADING to +2 cloak of willpower.
 34982 | Vaults:1 | 34982 ||| DROPPING +1 cloak.
 35023 | Vaults:2 | 35023 ||| Stepping ~*~*~tactically~*~*~ (hiding).
 35072 | Vaults:2 | 35072 ||| INVOKING Heroism.
 35074 | Vaults:2 | HP: 8/130 [war gargoyle/spray of metal splinters[a
                  | peacekeeper] (56)]
 35075 | Vaults:2 | 35075 ||| DRINKING potion of heal wounds.
 35093 | Vaults:2 | 35093 ||| Stepping ~*~*~tactically~*~*~ (stealth).
 35098 | Vaults:2 | 35098 ||| Stepping ~*~*~tactically~*~*~ (stealth).
 35118 | Vaults:2 | 35118 ||| INVOKING Heroism.
 35129 | Vaults:2 | HP: 30/130 [cyan ugly thing[a wizard] (5)]
 35145 | Vaults:2 | HP: 22/130 [sphinx (14)]
 35150 | Vaults:2 | 35150 ||| INVOKING Heroism.
 35456 | Vaults:2 | 35456 ||| INVOKING Heroism.
 35457 | Vaults:2 | 35457 ||| INVOKING Finesse.
 35473 | Vaults:2 | 35473 ||| Stepping ~*~*~tactically~*~*~ (hiding).
 35576 | Vaults:2 | 35576 ||| FLEEEEING.
 35641 | Vaults:2 | 35641 ||| DROPPING +0 fire dragon scales.
 35642 | Vaults:2 | 35642 ||| Stepping ~*~*~tactically~*~*~ (stealth).
 35645 | Vaults:2 | 35645 ||| UPGRADING to +2 plate armour of fire resistance.
 35678 | Vaults:2 | 35678 ||| Stepping ~*~*~tactically~*~*~ (stealth).
 35680 | Vaults:2 | 35680 ||| Stepping ~*~*~tactically~*~*~ (hiding).
 35825 | Vaults:2 | Noticed Boris
 35826 | Vaults:2 | 35826 ||| INVOKING Heroism.
 35827 | Vaults:2 | 35827 ||| INVOKING Finesse.
 35844 | Vaults:2 | Killed Boris
 36114 | Vaults:2 | 36114 ||| Stepping ~*~*~tactically~*~*~ (stealth).
 36116 | Vaults:2 | 36116 ||| Stepping ~*~*~tactically~*~*~ (stealth).
 36273 | Vaults:2 | 36273 ||| Stepping ~*~*~tactically~*~*~ (stealth).
 36275 | Vaults:2 | 36275 ||| Stepping ~*~*~tactically~*~*~ (hiding).
 36280 | Vaults:2 | Received a gift from Okawaru
 36331 | Vaults:2 | 36331 ||| INVOKING Heroism.
 36332 | Vaults:2 | 36332 ||| INVOKING Finesse.
 36442 | Vaults:2 | 36442 ||| Stepping ~*~*~tactically~*~*~ (stealth).
 36444 | Vaults:2 | 36444 ||| Stepping ~*~*~tactically~*~*~ (stealth).
 36446 | Vaults:2 | 36446 ||| Stepping ~*~*~tactically~*~*~ (stealth).
 36447 | Vaults:2 | 36447 ||| Stepping ~*~*~tactically~*~*~ (stealth).
 36660 | Vaults:2 | Received a gift from Okawaru
 36713 | Vaults:2 | 36713 ||| Stepping ~*~*~tactically~*~*~ (hiding).
 36729 | Vaults:2 | 36729 ||| INVOKING Heroism.
 36994 | Vaults:2 | 36994 ||| INVOKING Heroism.
 36995 | Vaults:2 | 36995 ||| INVOKING Finesse.
 37301 | Vaults:2 | 37301 ||| Stepping ~*~*~tactically~*~*~ (stealth).
 37360 | Vaults:2 | 37360 ||| Stepping ~*~*~tactically~*~*~ (stealth).
 37372 | Vaults:2 | Reached skill level 19 in Fighting
 37419 | Vaults:2 | Identified the +8 chain mail "Qearared" {Str+3 Dex+3
                  | Slay+3}
 37488 | Vaults:2 | 37488 ||| Stepping ~*~*~tactically~*~*~ (hiding).
 37489 | Vaults:2 | 37489 ||| Stepping ~*~*~tactically~*~*~ (hiding).
 37490 | Vaults:2 | 37490 ||| Stepping ~*~*~tactically~*~*~ (hiding).
 37491 | Vaults:2 | 37491 ||| Stepping ~*~*~tactically~*~*~ (hiding).
 37625 | Vaults:2 | 37625 ||| UPGRADING to +8 chain mail "Qearared" {Str+3
                  | Dex+3 Slay+3}.
 37635 | Vaults:2 | 37635 ||| DROPPING +0 plate armour of cold resistance.
 37636 | Vaults:2 | 37636 ||| DROPPING +2 plate armour of fire resistance.
 37734 | Vaults:3 | 37734 ||| Stepping ~*~*~tactically~*~*~ (hiding).
 37735 | Vaults:3 | 37735 ||| Stepping ~*~*~tactically~*~*~ (hiding).
 37741 | Vaults:3 | Received a gift from Okawaru
 37750 | Vaults:3 | 37750 ||| INVOKING Heroism.
 37770 | Vaults:3 | 37770 ||| Stepping ~*~*~tactically~*~*~ (hiding).
 37773 | Vaults:3 | 37773 ||| Stepping ~*~*~tactically~*~*~ (hiding).
 37786 | Vaults:3 | 37786 ||| INVOKING Finesse.
 37802 | Vaults:3 | Reached skill level 6 in Dodging
 37913 | Vaults:3 | Found a staircase to the Crypt.
 38018 | Vaults:3 | 38018 ||| Stepping ~*~*~tactically~*~*~ (stealth).
 38035 | Vaults:3 | 38035 ||| Stepping ~*~*~tactically~*~*~ (stealth).
 38096 | Vaults:3 | 38096 ||| FLEEEEING.
 38098 | Vaults:3 | 38098 ||| FLEEEEING.
 38099 | Vaults:3 | 38099 ||| FLEEEEING.
 38100 | Vaults:3 | 38100 ||| FLEEEEING.
 38202 | Vaults:3 | 38202 ||| INVOKING Heroism.
 38203 | Vaults:3 | 38203 ||| INVOKING Finesse.
 38301 | Vaults:3 | 38301 ||| INVOKING Heroism.
 38302 | Vaults:3 | 38302 ||| INVOKING Finesse.
 38309 | Vaults:3 | Reached XP level 20. HP: 139/139 MP: 1/27
 38385 | Vaults:3 | 38385 ||| Stepping ~*~*~tactically~*~*~ (stealth).
 38404 | Vaults:3 | 38404 ||| INVOKING Heroism.
 38708 | Vaults:3 | 38708 ||| Stepping ~*~*~tactically~*~*~ (hiding).
 38710 | Vaults:3 | 38710 ||| Stepping ~*~*~tactically~*~*~ (stealth).
 38724 | Vaults:3 | Received a gift from Okawaru
 38745 | Vaults:3 | 38745 ||| FLEEEEING.
 38810 | Vaults:3 | 38810 ||| UPGRADING to +0 tower shield of protection.
 38824 | Vaults:3 | Received a gift from Okawaru
 38825 | Vaults:3 | 38825 ||| DROPPING +0 kite shield of reflection.
 38992 | Vaults:3 | 38992 ||| Stepping ~*~*~tactically~*~*~ (hiding).
 39135 | Vaults:3 | Identified the +2 hand axe "Olat" {pain, rCorr} (Okawaru
                  | gifted it to you on level 3 of the Vaults)
 39135 | Vaults:3 | Received a gift from Okawaru
 39140 | Vaults:3 | 39140 ||| INVOKING Heroism.
 39147 | Vaults:3 | HP: 32/139 [vault guard/+0 halberd of flaming[a vault
                  | warden] (9)]
 39148 | Vaults:3 | 39148 ||| DRINKING potion of heal wounds.
 39550 | Vaults:3 | 39550 ||| Stepping ~*~*~tactically~*~*~ (stealth).
 39551 | Vaults:3 | 39551 ||| Stepping ~*~*~tactically~*~*~ (stealth).
 39637 | Vaults:3 | 39637 ||| Stepping ~*~*~tactically~*~*~ (stealth).
 39638 | Vaults:3 | 39638 ||| Stepping ~*~*~tactically~*~*~ (stealth).
 39648 | Vaults:3 | Reached skill level 18 in Shields
 39703 | Vaults:3 | 39703 ||| INVOKING Heroism.
 40085 | Vaults:4 | 40085 ||| Stepping ~*~*~tactically~*~*~ (hiding).
 40088 | Vaults:4 | 40088 ||| Stepping ~*~*~tactically~*~*~ (hiding).
 40089 | Vaults:4 | 40089 ||| Stepping ~*~*~tactically~*~*~ (hiding).
 40317 | Vaults:4 | 40317 ||| Stepping ~*~*~tactically~*~*~ (stealth).
 40318 | Vaults:4 | 40318 ||| Stepping ~*~*~tactically~*~*~ (stealth).
 40353 | Vaults:4 | 40353 ||| INVOKING Heroism.
 40757 | Vaults:4 | 40757 ||| Stepping ~*~*~tactically~*~*~ (hiding).
 40758 | Vaults:4 | 40758 ||| Stepping ~*~*~tactically~*~*~ (hiding).
 40760 | Vaults:4 | 40760 ||| Stepping ~*~*~tactically~*~*~ (hiding).
 40789 | Vaults:4 | Found Ifitefet's Antique Armour Emporium.
 40819 | Vaults:4 | Received a gift from Okawaru
 40821 | Vaults:4 | 40821 ||| DROPPING +1 broad axe of flaming.
 40991 | Vaults:4 | 40991 ||| Stepping ~*~*~tactically~*~*~ (hiding).
 40992 | Vaults:4 | 40992 ||| Stepping ~*~*~tactically~*~*~ (stealth).
 41264 | Vaults:4 | 41264 ||| INVOKING Heroism.
 41271 | Vaults:4 | HP: 29/137 [necromancer/bolt of negative energy (6)]
 41272 | Vaults:4 | 41272 ||| READING scroll of teleportation.
 41673 | Vaults:4 | 41673 ||| Stepping ~*~*~tactically~*~*~ (hiding).
 41769 | Vaults:4 | 41769 ||| Stepping ~*~*~tactically~*~*~ (hiding).
 41770 | Vaults:4 | 41770 ||| Stepping ~*~*~tactically~*~*~ (hiding).
 41894 | Vaults:4 | 41894 ||| Stepping ~*~*~tactically~*~*~ (stealth).
 41901 | Vaults:4 | Received a gift from Okawaru
 42003 | Vaults:4 | 42003 ||| Stepping ~*~*~tactically~*~*~ (hiding).
 42079 | Vaults:4 | Reached XP level 21. HP: 142/144 MP: 9/28
 42093 | Vaults:4 | 42093 ||| INVOKING Heroism.
 42097 | Vaults:4 | Identified the +0 quarterstaff of Okawaru's Respect
                  | {antimagic, rElec rF+ Str-4} (Okawaru gifted it to you on
                  | level 4 of the Vaults)
 42097 | Vaults:4 | Received a gift from Okawaru
 42139 | Vaults:4 | 42139 ||| FLEEEEING.
 42140 | Vaults:4 | 42140 ||| FLEEEEING.
 42141 | Vaults:4 | 42141 ||| FLEEEEING.
 42145 | Vaults:4 | 42145 ||| FLEEEEING.
 42146 | Vaults:4 | 42146 ||| FLEEEEING.
 42149 | Vaults:4 | 42149 ||| FLEEEEING.
 42150 | Vaults:4 | 42150 ||| FLEEEEING.
 42151 | Vaults:4 | 42151 ||| FLEEEEING.
 42152 | Vaults:4 | 42152 ||| FLEEEEING.
 42153 | Vaults:4 | 42153 ||| FLEEEEING.
 42154 | Vaults:4 | 42154 ||| FLEEEEING.
 42155 | Vaults:4 | 42155 ||| FLEEEEING.
 42156 | Vaults:4 | 42156 ||| FLEEEEING.
 42157 | Vaults:4 | 42157 ||| FLEEEEING.
 42158 | Vaults:4 | 42158 ||| FLEEEEING.
 42159 | Vaults:4 | 42159 ||| FLEEEEING.
 42160 | Vaults:4 | 42160 ||| INVOKING Heroism.
 42228 | Vaults:4 | 42228 ||| FLEEEEING.
 42229 | Vaults:4 | 42229 ||| FLEEEEING.
 42230 | Vaults:4 | 42230 ||| FLEEEEING.
 42231 | Vaults:4 | 42231 ||| FLEEEEING.
 42232 | Vaults:4 | 42232 ||| FLEEEEING.
 42449 | Vaults:4 | 42449 ||| PLANNING SHOALS:4
 42834 | Shoals:4 | Entered Level 4 of the Shoals
 42835 | Shoals:4 | 42835 ||| INVOKING Heroism.
 42836 | Shoals:4 | 42836 ||| INVOKING Finesse.
 42912 | Shoals:4 | 42912 ||| FLEEEEING.
 42919 | Shoals:4 | 42919 ||| STAIRDANCE
 43058 | Shoals:4 | 43058 ||| Stepping ~*~*~tactically~*~*~ (stealth).
 43059 | Shoals:4 | 43059 ||| Stepping ~*~*~tactically~*~*~ (stealth).
 43060 | Shoals:4 | 43060 ||| Stepping ~*~*~tactically~*~*~ (hiding).
 43090 | Shoals:4 | 43090 ||| FLEEEEING.
 43091 | Shoals:4 | 43091 ||| Stepping ~*~*~tactically~*~*~ (hiding).
 43092 | Shoals:4 | 43092 ||| FLEEEEING.
 43093 | Shoals:4 | 43093 ||| FLEEEEING.
 43094 | Shoals:4 | 43094 ||| FLEEEEING.
 43095 | Shoals:4 | 43095 ||| FLEEEEING.
 43096 | Shoals:4 | 43096 ||| FLEEEEING.
 43097 | Shoals:4 | 43097 ||| Stepping ~*~*~tactically~*~*~ (hiding).
 43113 | Shoals:4 | 43113 ||| FLEEEEING.
 43114 | Shoals:4 | 43114 ||| FLEEEEING.
 43115 | Shoals:4 | 43115 ||| FLEEEEING.
 43116 | Shoals:4 | 43116 ||| FLEEEEING.
 43117 | Shoals:4 | 43117 ||| FLEEEEING.
 43118 | Shoals:4 | 43118 ||| STAIRDANCE
 43163 | Shoals:3 | 43163 ||| DROPPING +2 pair of gloves of hurling.
 43197 | Shoals:4 | 43197 ||| INVOKING Heroism.
 43198 | Shoals:4 | 43198 ||| INVOKING Finesse.
 43201 | Shoals:4 | 43201 ||| Stepping ~*~*~tactically~*~*~ (hiding).
 43251 | Shoals:4 | 43251 ||| Stepping ~*~*~tactically~*~*~ (stealth).
 43257 | Shoals:4 | 43257 ||| Stepping ~*~*~tactically~*~*~ (hiding).
 43368 | Shoals:4 | 43368 ||| FLEEEEING.
 43369 | Shoals:4 | 43369 ||| Stepping ~*~*~tactically~*~*~ (hiding).
 43372 | Shoals:4 | 43372 ||| FLEEEEING.
 43373 | Shoals:4 | 43373 ||| FLEEEEING.
 43374 | Shoals:4 | 43374 ||| FLEEEEING.
 43375 | Shoals:4 | 43375 ||| FLEEEEING.
 43377 | Shoals:4 | 43377 ||| Stepping ~*~*~tactically~*~*~ (hiding).
 43379 | Shoals:4 | 43379 ||| Stepping ~*~*~tactically~*~*~ (hiding).
 43381 | Shoals:4 | 43381 ||| Stepping ~*~*~tactically~*~*~ (hiding).
 43382 | Shoals:4 | 43382 ||| Stepping ~*~*~tactically~*~*~ (hiding).
 43383 | Shoals:4 | 43383 ||| Stepping ~*~*~tactically~*~*~ (hiding).
 43394 | Shoals:4 | 43394 ||| Stepping ~*~*~tactically~*~*~ (hiding).
 43436 | Shoals:4 | 43436 ||| Stepping ~*~*~tactically~*~*~ (hiding).
 43470 | Shoals:4 | Identified the staff of Discretion {rPois rN+ rCorr Summ
                  | Poison}
 43471 | Shoals:4 | 43471 ||| Stepping ~*~*~tactically~*~*~ (hiding).
 43475 | Shoals:4 | 43475 ||| Stepping ~*~*~tactically~*~*~ (hiding).
 43476 | Shoals:4 | 43476 ||| Stepping ~*~*~tactically~*~*~ (hiding).
 43477 | Shoals:4 | 43477 ||| Stepping ~*~*~tactically~*~*~ (hiding).
 43478 | Shoals:4 | 43478 ||| Stepping ~*~*~tactically~*~*~ (hiding).
 43498 | Shoals:4 | 43498 ||| Stepping ~*~*~tactically~*~*~ (hiding).
 43499 | Shoals:4 | 43499 ||| Stepping ~*~*~tactically~*~*~ (hiding).
 43506 | Shoals:4 | 43506 ||| Stepping ~*~*~tactically~*~*~ (stealth).
 43507 | Shoals:4 | 43507 ||| Stepping ~*~*~tactically~*~*~ (stealth).
 43516 | Shoals:4 | 43516 ||| Stepping ~*~*~tactically~*~*~ (stealth).
 43518 | Shoals:4 | 43518 ||| Stepping ~*~*~tactically~*~*~ (hiding).
 43524 | Shoals:4 | 43524 ||| INVOKING Heroism.
 43525 | Shoals:4 | 43525 ||| INVOKING Finesse.
 43542 | Shoals:4 | 43542 ||| Stepping ~*~*~tactically~*~*~ (stealth).
 43560 | Shoals:4 | 43560 ||| Stepping ~*~*~tactically~*~*~ (hiding).
 43581 | Shoals:4 | 43581 ||| Stepping ~*~*~tactically~*~*~ (stealth).
 43585 | Shoals:4 | 43585 ||| FLEEEEING.
 43586 | Shoals:4 | 43586 ||| FLEEEEING.
 43587 | Shoals:4 | 43587 ||| FLEEEEING.
 43588 | Shoals:4 | 43588 ||| FLEEEEING.
 43589 | Shoals:4 | 43589 ||| FLEEEEING.
 43590 | Shoals:4 | 43590 ||| FLEEEEING.
 43591 | Shoals:4 | 43591 ||| FLEEEEING.
 43592 | Shoals:4 | 43592 ||| FLEEEEING.
 43593 | Shoals:4 | 43593 ||| FLEEEEING.
 43594 | Shoals:4 | 43594 ||| FLEEEEING.
 43595 | Shoals:4 | 43595 ||| FLEEEEING.
 43596 | Shoals:4 | 43596 ||| FLEEEEING.
 43597 | Shoals:4 | 43597 ||| FLEEEEING.
 43616 | Shoals:4 | 43616 ||| Stepping ~*~*~tactically~*~*~ (stealth).
 43617 | Shoals:4 | 43617 ||| Stepping ~*~*~tactically~*~*~ (stealth).
 43626 | Shoals:4 | 43626 ||| Stepping ~*~*~tactically~*~*~ (stealth).
 43629 | Shoals:4 | 43629 ||| Stepping ~*~*~tactically~*~*~ (stealth).
 43631 | Shoals:4 | Identified the +2 robe of the Gloaming {Str+6 Slay-3}
                  | (Okawaru gifted it to you on level 4 of the Shoals)
 43631 | Shoals:4 | Received a gift from Okawaru
 43653 | Shoals:4 | 43653 ||| Stepping ~*~*~tactically~*~*~ (hiding).
 43655 | Shoals:4 | 43655 ||| Stepping ~*~*~tactically~*~*~ (hiding).
 43675 | Shoals:4 | 43675 ||| Stepping ~*~*~tactically~*~*~ (stealth).
 43705 | Shoals:4 | 43705 ||| Stepping ~*~*~tactically~*~*~ (hiding).
 43706 | Shoals:4 | 43706 ||| Stepping ~*~*~tactically~*~*~ (hiding).
 43839 | Shoals:4 | Got a barnacled rune of Zot
 43875 | Shoals:4 | 43875 ||| Stepping ~*~*~tactically~*~*~ (hiding).
 44234 | Shoals:4 | 44234 ||| PLANNING DEPTHS
 44296 | Shoals:1 | Reached skill level 20 in Fighting
 44511 | Depths:1 | Entered Level 1 of the Depths
 44552 | Depths:1 | Found Zaosec's Antique Armour Boutique.
 44563 | Depths:1 | Found Ykla's Elemental Accessories.
 44565 | Depths:1 | 44565 ||| INVOKING Heroism.
 44566 | Depths:1 | 44566 ||| INVOKING Finesse.
 44657 | Depths:1 | 44657 ||| INVOKING Heroism.
 44709 | Depths:1 | Found Hody's Distillery.
 44712 | Depths:1 | 44712 ||| BUYING potion of curing (39 gold).
 44712 | Depths:1 | Bought a potion of curing for 39 gold pieces
 44712 | Depths:1 | 44712 ||| BUYING potion of curing (39 gold).
 44712 | Depths:1 | Bought a potion of curing for 39 gold pieces
 44712 | Depths:1 | 44712 ||| BUYING potion of lignification (39 gold).
 44712 | Depths:1 | Bought a potion of lignification for 39 gold pieces
 44712 | Depths:1 | 44712 ||| BUYING potion of magic (104 gold).
 44712 | Depths:1 | Bought a potion of magic for 104 gold pieces
 44712 | Depths:1 | 44712 ||| BUYING potion of mutation (104 gold).
 44712 | Depths:1 | Bought a potion of mutation for 104 gold pieces
 44744 | Depths:1 | 44744 ||| INVOKING Heroism.
 44828 | Depths:1 | 44828 ||| Stepping ~*~*~tactically~*~*~ (stealth).
 44863 | Depths:1 | 44863 ||| Stepping ~*~*~tactically~*~*~ (stealth).
 45105 | Depths:1 | Noticed the Enchantress
 45106 | Depths:1 | 45106 ||| INVOKING Heroism.
 45107 | Depths:1 | 45107 ||| Stepping ~*~*~tactically~*~*~ (hiding).
 45108 | Depths:1 | 45108 ||| Stepping ~*~*~tactically~*~*~ (hiding).
 45136 | Depths:1 | Killed the Enchantress
 45169 | Depths:1 | 45169 ||| INVOKING Heroism.
 45176 | Depths:1 | Reached skill level 9 in Dodging
 45307 | Depths:1 | Reached skill level 21 in Shields
 45345 | Depths:1 | Found Dedio's Antique Armour Boutique.
 45378 | Depths:1 | Found a gateway to Hell.
 45409 | Depths:1 | Received a gift from Okawaru
 45416 | Depths:1 | 45416 ||| INVOKING Heroism.
 45630 | Depths:1 | 45630 ||| Stepping ~*~*~tactically~*~*~ (stealth).
 45666 | Depths:1 | 45666 ||| Stepping ~*~*~tactically~*~*~ (stealth).
 45840 | Depths:1 | Found a basalt altar of Yredelemnul.
 46210 | Depths:2 | 46210 ||| READING scroll of enchant armour.
 46210 | Depths:2 | 46210 ||| ENCHANTING +1 pair of boots.
 46297 | Depths:2 | Noticed a juggernaut
 46298 | Depths:2 | Reached XP level 22. HP: 153/153 MP: 9/29
 46298 | Depths:2 | 46298 ||| INVOKING Heroism.
 46320 | Depths:2 | Killed a juggernaut
 46322 | Depths:2 | Reached skill level 21 in Fighting
 46344 | Depths:2 | 46344 ||| Stepping ~*~*~tactically~*~*~ (hiding).
 46544 | Depths:2 | 46544 ||| INVOKING Heroism.
 46549 | Depths:2 | HP: 37/155 [stone giant (17)]
 46550 | Depths:2 | 46550 ||| READING 2 scrolls of teleportation.
 46551 | Depths:2 | 46551 ||| DRINKING potion of heal wounds.
 46554 | Depths:2 | 46554 ||| INVOKING Finesse.
 46561 | Depths:2 | HP: 26/155 [ice dragon/blast of cold (30)]
 46562 | Depths:2 | 46562 ||| READING scroll of teleportation.
 46577 | Depths:2 | 46577 ||| Stepping ~*~*~tactically~*~*~ (hiding).
 46605 | Depths:2 | Noticed Louise
 46606 | Depths:2 | 46606 ||| Stepping ~*~*~tactically~*~*~ (hiding).
 46622 | Depths:2 | Killed Louise
 46623 | Depths:2 | 46623 ||| Stepping ~*~*~tactically~*~*~ (hiding).
 46627 | Depths:2 | 46627 ||| INVOKING Heroism.
 46724 | Depths:2 | 46724 ||| Stepping ~*~*~tactically~*~*~ (stealth).
 46731 | Depths:2 | 46731 ||| Stepping ~*~*~tactically~*~*~ (stealth).
 46732 | Depths:2 | 46732 ||| Stepping ~*~*~tactically~*~*~ (stealth).
 46746 | Depths:2 | 46746 ||| Stepping ~*~*~tactically~*~*~ (stealth).
 46752 | Depths:2 | 46752 ||| INVOKING Heroism.
 46926 | Depths:2 | Found a one-way gate to the infinite horrors of the Abyss.
 47101 | Depths:2 | 47101 ||| INVOKING Heroism.
 47112 | Depths:2 | Reached skill level 12 in Throwing
 47203 | Depths:2 | 47203 ||| Stepping ~*~*~tactically~*~*~ (hiding).
 47209 | Depths:2 | 47209 ||| Stepping ~*~*~tactically~*~*~ (hiding).
 47211 | Depths:2 | 47211 ||| INVOKING Heroism.
 47283 | Depths:2 | 47283 ||| FLEEEEING.
 47284 | Depths:2 | 47284 ||| FLEEEEING.
 47285 | Depths:2 | 47285 ||| FLEEEEING.
 47286 | Depths:2 | 47286 ||| FLEEEEING.
 47287 | Depths:2 | 47287 ||| FLEEEEING.
 47288 | Depths:2 | 47288 ||| FLEEEEING.
 47289 | Depths:2 | 47289 ||| FLEEEEING.
 47290 | Depths:2 | 47290 ||| FLEEEEING.
 47291 | Depths:2 | 47291 ||| FLEEEEING.
 47292 | Depths:2 | 47292 ||| FLEEEEING.
 47293 | Depths:2 | 47293 ||| FLEEEEING.
 47306 | Depths:2 | 47306 ||| FLEEEEING.
 47307 | Depths:2 | 47307 ||| FLEEEEING.
 47364 | Depths:2 | 47364 ||| Stepping ~*~*~tactically~*~*~ (hiding).
 47512 | Depths:2 | 47512 ||| Stepping ~*~*~tactically~*~*~ (stealth).
 47513 | Depths:2 | 47513 ||| Stepping ~*~*~tactically~*~*~ (stealth).
 47515 | Depths:2 | 47515 ||| INVOKING Heroism.
 47516 | Depths:2 | 47516 ||| INVOKING Finesse.
 47531 | Depths:2 | Received a gift from Okawaru
 47613 | Depths:2 | 47613 ||| Stepping ~*~*~tactically~*~*~ (hiding).
 47782 | Depths:2 | Found a one-way gate leading to the halls of Pandemonium.
 47783 | Depths:2 | 47783 ||| Stepping ~*~*~tactically~*~*~ (hiding).
 47786 | Depths:2 | 47786 ||| INVOKING Heroism.
 48138 | Depths:3 | 48138 ||| PLANNING BAZAAR
 48138 | Depths:3 | 48138 ||| Stepping ~*~*~tactically~*~*~ (hiding).
 48139 | Depths:3 | 48139 ||| INVOKING Heroism.
 48249 | Depths:3 | Found a flickering gateway to a bazaar.
 48259 | Depths:3 | 48259 ||| Stepping ~*~*~tactically~*~*~ (hiding).
 48260 | Depths:3 | 48260 ||| Stepping ~*~*~tactically~*~*~ (hiding).
 48320 | Bazaar   | Entered a bazaar
 48324 | Bazaar   | Found Docle's Distillery.
 48330 | Bazaar   | 48330 ||| BUYING potion of attraction (24 gold).
 48330 | Bazaar   | Bought a potion of attraction for 24 gold pieces
 48330 | Bazaar   | 48330 ||| BUYING potion of curing (24 gold).
 48330 | Bazaar   | Bought a potion of curing for 24 gold pieces
 48330 | Bazaar   | 48330 ||| BUYING potion of curing (24 gold).
 48330 | Bazaar   | Bought a potion of curing for 24 gold pieces
 48330 | Bazaar   | 48330 ||| BUYING potion of curing (24 gold).
 48330 | Bazaar   | Bought a potion of curing for 24 gold pieces
 48330 | Bazaar   | 48330 ||| BUYING potion of enlightenment (40 gold).
 48330 | Bazaar   | Bought a potion of enlightenment for 40 gold pieces
 48330 | Bazaar   | 48330 ||| BUYING potion of heal wounds (40 gold).
 48330 | Bazaar   | Bought a potion of heal wounds for 40 gold pieces
 48330 | Bazaar   | 48330 ||| BUYING potion of might (32 gold).
 48330 | Bazaar   | Bought a potion of might for 32 gold pieces
 48338 | Bazaar   | Found Mukhih's Weapon Shop.
 48343 | Bazaar   | 48343 ||| BUYING +4 hand axe of Peace {heavy, Will+++ rCorr
                  | Int-3 Stlth+} (1000 gold).
 48343 | Bazaar   | Bought the +4 hand axe of Peace {heavy, Will+++ rCorr Int-3
                  | Stlth+} for 1000 gold pieces
 48343 | Bazaar   | 48343 ||| DROPPING +2 hand axe "Olat" {pain, rCorr}.
 48352 | Bazaar   | Found Magriuf's Book Shop.
 48384 | Bazaar   | Found Heneal's Antique Weapon Shop.
 48405 | Depths:3 | 48405 ||| PLANNING DEPTHS
 48452 | Depths:3 | 48452 ||| Stepping ~*~*~tactically~*~*~ (hiding).
 48453 | Depths:3 | 48453 ||| Stepping ~*~*~tactically~*~*~ (hiding).
 48454 | Depths:3 | 48454 ||| INVOKING Heroism.
 48608 | Depths:3 | 48608 ||| Stepping ~*~*~tactically~*~*~ (hiding).
 48613 | Depths:3 | 48613 ||| INVOKING Heroism.
 48628 | Depths:3 | Reached skill level 22 in Fighting
 48714 | Depths:3 | 48714 ||| Stepping ~*~*~tactically~*~*~ (stealth).
 48716 | Depths:3 | Found a one-way gateway to a ziggurat.
 48721 | Depths:3 | Paralysed by a floating eye for 2 turns
 48754 | Depths:3 | 48754 ||| Stepping ~*~*~tactically~*~*~ (hiding).
 48763 | Depths:3 | 48763 ||| INVOKING Heroism.
 48771 | Depths:3 | Received a gift from Okawaru
 48813 | Depths:3 | Found a glowing silver altar of Zin.
 48886 | Depths:3 | 48886 ||| Stepping ~*~*~tactically~*~*~ (stealth).
 48906 | Depths:3 | 48906 ||| FLEEEEING.
 48907 | Depths:3 | 48907 ||| FLEEEEING.
 48908 | Depths:3 | 48908 ||| FLEEEEING.
 48909 | Depths:3 | 48909 ||| FLEEEEING.
 48910 | Depths:3 | 48910 ||| FLEEEEING.
 48911 | Depths:3 | 48911 ||| FLEEEEING.
 48912 | Depths:3 | 48912 ||| FLEEEEING.
 48913 | Depths:3 | 48913 ||| FLEEEEING.
 48914 | Depths:3 | 48914 ||| FLEEEEING.
 48915 | Depths:3 | 48915 ||| FLEEEEING.
 48916 | Depths:3 | 48916 ||| FLEEEEING.
 48917 | Depths:3 | 48917 ||| FLEEEEING.
 48918 | Depths:3 | 48918 ||| FLEEEEING.
 48919 | Depths:3 | 48919 ||| FLEEEEING.
 48920 | Depths:3 | 48920 ||| FLEEEEING.
 48921 | Depths:3 | 48921 ||| FLEEEEING.
 48922 | Depths:3 | 48922 ||| FLEEEEING.
 48923 | Depths:3 | 48923 ||| FLEEEEING.
 48924 | Depths:3 | 48924 ||| FLEEEEING.
 48926 | Depths:3 | 48926 ||| FLEEEEING.
 49177 | Depths:3 | 49177 ||| INVOKING Heroism.
 49234 | Depths:3 | 49234 ||| Stepping ~*~*~tactically~*~*~ (stealth).
 49312 | Depths:3 | 49312 ||| Stepping ~*~*~tactically~*~*~ (stealth).
 49313 | Depths:3 | 49313 ||| Stepping ~*~*~tactically~*~*~ (stealth).
 49527 | Depths:3 | 49527 ||| DROPPING ring of magical power.
 49559 | Depths:4 | Entered Level 4 of the Depths
 49571 | Depths:4 | 49571 ||| Stepping ~*~*~tactically~*~*~ (hiding).
 49649 | Depths:4 | 49649 ||| INVOKING Finesse.
 49651 | Depths:4 | 49651 ||| INVOKING Heroism.
 49662 | Depths:4 | Reached skill level 18 in Armour
 49662 | Depths:4 | 49662 ||| Stepping ~*~*~tactically~*~*~ (hiding).
 49664 | Depths:4 | 49664 ||| Stepping ~*~*~tactically~*~*~ (hiding).
 49665 | Depths:4 | 49665 ||| Stepping ~*~*~tactically~*~*~ (hiding).
 49769 | Depths:4 | Noticed Frederick
 49770 | Depths:4 | 49770 ||| INVOKING Heroism.
 49782 | Depths:4 | Killed Frederick
 49871 | Depths:4 | 49871 ||| INVOKING Heroism.
 49946 | Depths:4 | 49946 ||| Stepping ~*~*~tactically~*~*~ (stealth).
 49949 | Depths:4 | 49949 ||| INVOKING Heroism.
 50006 | Depths:4 | 50006 ||| INVOKING Heroism.
 50252 | Depths:4 | Found a gate to the Realm of Zot.
 50282 | Depths:4 | 50282 ||| INVOKING Heroism.
 50352 | Depths:4 | 50352 ||| Stepping ~*~*~tactically~*~*~ (stealth).
 50354 | Depths:4 | 50354 ||| Stepping ~*~*~tactically~*~*~ (stealth).
 50383 | Depths:4 | 50383 ||| INVOKING Heroism.
 50386 | Depths:4 | Reached XP level 23. HP: 114/162 MP: 7/30
 50527 | Depths:4 | 50527 ||| INVOKING Heroism.
 50659 | Depths:4 | Found a sacrificial altar of Ru.
 50852 | Depths:4 | 50852 ||| PLANNING VAULTS:5
 51207 | Vaults:5 | Entered Level 5 of the Vaults
 51210 | Vaults:5 | Noticed an ancient lich
 51211 | Vaults:5 | 51211 ||| INVOKING Heroism.
 51218 | Vaults:5 | Received a gift from Okawaru
 51222 | Vaults:5 | Noticed a golden dragon
 51232 | Vaults:5 | 51232 ||| INVOKING Finesse.
 51233 | Vaults:5 | Killed an ancient lich
 51239 | Vaults:5 | 51239 ||| STAIRDANCE
 51239 | Vaults:5 | HP: 39/164 [vault guard/+0 halberd (10)]
 51241 | Vaults:4 | 51241 ||| DRINKING 4 potions of heal wounds.
 51242 | Vaults:4 | 51242 ||| DRINKING 3 potions of heal wounds.
 51496 | Vaults:5 | 51496 ||| INVOKING Heroism.
 51503 | Vaults:5 | Reached skill level 23 in Fighting
 51503 | Vaults:5 | 51503 ||| STAIRDANCE
 51505 | Vaults:4 | 51505 ||| INVOKING Finesse.
 51505 | Vaults:4 | HP: 39/164 [deep troll[an ironbound preserver] (4)]
 51506 | Vaults:4 | 51506 ||| DRINKING 2 potions of heal wounds.
 51508 | Vaults:4 | HP: 17/164 [frost giant/+0 battleaxe of freezing (27)]
 51508 | Vaults:4 | HP: 4/164 [frost giant/+0 battleaxe of freezing (13)]
 51508 | Vaults:4 | Slain by a deep troll

Levels and vault maps discovered:
D:1:      amcnicky_arrival_blooded_trapdoor, layout_basic,
          ebering_ecumenical_altar_rust, serial_shops,
          nicolae_shop_tiny_real_fake_doors, minmay_misc_feat_pillars
D:2:      layout_basic, basic_altar, minivault_23,
          chequers_serial_rivers_micro_b
D:3:      layout_rooms, gammafunk_ghost_icy, hex_large
D:4:      layout_basic
D:5:      layout_basic
D:6:      minmay_angry_zag, layout_loops_ring, gammafunk_temple_overflow_wave,
          minmay_temple_entry_hall, kennysheep_generic_room_15
D:7:      layout_loops_ring, nicolae_stop_n_shop_2, kennysheep_generic_room_6
D:8:      layout_basic, enter_bailey_7
D:9:      layout_irregular_city
D:10:     layout_rooms, due_lair_maze_entry_diamond, hiddenorc1_lemuel,
          serial_aquarium, aquarium_bridge_square [aquarium_subvault_window,
          aquarium_subvault_balcony, aquarium_subvault_bridge,
          aquarium_subvault_bridge], aquarium_window_3, aquarium_window_2,
          aquarium_view_2b, aquarium_view_2b, uniq_amaemon, uniq_erica,
          uniq_snorg
D:11:     layout_loops_ring, special_room [special_room_orc],
          kennysheep_generic_room_2, uniq_fannar
D:12:     layout_grid_maze, hangedman_decor_push
D:13:     layout_irregular_city, minmay_misc_feat_x,
          nicolae_concentric_dashed_squares_mild,
          chequers_serial_rivers_small_a, uniq_sonja, uniq_maurice, uniq_nessos
D:14:     layout_long_grid, lightli_vaults_fourway_checkpoint, serial_shops,
          nicolae_shop_overgrown_old_shop, gammafunk_ghost_necromancy,
          okawaru_altar_gauntlet_db, uniq_azrael, uniq_frances
D:15:     grunt_enter_depths_hoard, layout_loops_cross, enter_trove_6,
          serial_shops, shop, nicolae_tso_swordbearing_angel, nzn_life_drinkers
Temple:   mainiacjoe_temple_big_plus
Lair:1:   layout_cave_pods, ebering_ghost_reflecting_pool,
          gauntlet_entry_generic, grunt_megastairs_2,
          infiniplex_staircase_pool_2
Lair:2:   layout_regular_city, uniq_prince_ribbit2, uniq_harold, uniq_urug
Lair:3:   layout_big_grid, elwin_shoals_entry_rooms, dummy_spider_entry,
          minivault_24
Lair:4:   layout_long_grid, beast_lair_carwin_8
Lair:5:   gammafunk_lair_ancient_temple, layout_regular_city,
          minmay_slime_entry_oklob_open, lemuel_fruit_tree, serial_bayou_shore_a
Shoals:1: layout_shoals, nicolae_shoals_flooded_hall, uniq_aizul
Shoals:2: layout_shoals, serial_shops, nicolae_shop_bloodbath_and_beyond,
          nicolae_shoals_loop_pool
Shoals:3: layout_shoals, nicolae_stop_n_shop_2, nicolae_shoals_elemental_ambush,
          uniq_polyphemus
Shoals:4: shoals_end_hellmonk_lost_city
Spider:1: layout_spider_delve, hellmonk_motheaten_closet
Spider:2: layout_spider_delve, uniq_donald
Spider:3: layout_spider_delve, nicolae_spider_paper_wasps,
          hangedman_spider_tarantella_strand
Spider:4: spider_rune_water
Orc:1:    layout_caves, basic_altar, nicolae_orc_pool_cavern
Orc:2:    grunt_orc_community_town_hall, layout_caves,
          grunt_orc_community_big_house_2, grunt_orc_community_big_house_1,
          grunt_orc_community_house_2, grunt_orc_community_house_1,
          grunt_orc_community_house_2, grunt_orc_community_house_3,
          uniq_saint_roka
Vaults:1: vaults_room_fancy_cross, nicolae_vaults_tetromino_L_2,
          nicolae_vaults_tetromino_L_1, vaults_room_grunt_arrival_ludios,
          nicolae_vaults_closet_pinwheel_5, v_misc_24,
          kennysheep_vaults_gozag_temple, nicolae_vaults_house_1,
          nicolae_vaults_closet_pinwheel_2, v_misc_24, ontoclasm_vaults_spin,
          layout_vaults_maze_snakey
Vaults:2: v_misc_5, hangedman_vaults_maws, nicolae_vaults_storage_closets_3,
          nicolae_vaults_double_plus_2, hangedman_vaults_stitches,
          nicolae_vaults_weapon_check, nicolae_vaults_windows_and_doors_thing,
          nicolae_vaults_security_offices_4, nicolae_vaults_diamond_1,
          v_misc_25, ontoclasm_vaults_twist, layout_vaults_omnicross, uniq_boris
Vaults:3: hangedman_vaults_cutoff, nicolae_vaults_mini_display_case,
          v_alt_pattern_2, vaults_standard_mumra_enter_the_diamond,
          minmay_crypt_entry_vampire_xt, vaults_room_ringed_pool,
          nicolae_vaults_closet_pinwheel_4,
          nicolae_vaults_offset_grid_hallway_1, nicolae_vaults_tetromino_L_1,
          nicolae_vaults_closet_pinwheel_3, nicolae_vaults_specimen_jars,
          vaults_room_guarded_vault, nicolae_vaults_layer_cake_slice,
          layout_vaults_omnibox
Vaults:4: grunt_vaults_twisty, ontoclasm_vaults_tryst, vaults_room_door_hall,
          nicolae_vaults_spaceships, nicolae_vaults_little_squares_3,
          ontoclasm_vaults_fault, vaults_room_door_hall,
          vaults_mumra_minichess_inversion, ontoclasm_vaults_eye,
          nicolae_vaults_apartment_1, layout_vaults_omnigrid, serial_shops, shop
Vaults:5: serial_shops, uniq_mennas, uniq_mara
Depths:1: layout_forbidden_donut, grunt_mini_vestibule, serial_shops, shop,
          kennysheep_mini, shop, nicolae_elemental_shop, kennysheep_nub,
          nicolae_yredelemnul_corpse_copse, uniq_enchantress
Depths:2: minmay_slanted_spiral_squares, layout_basic,
          nicolae_abyss_entry_one_way_or_another, rand_demon_pan_entry_4,
          hell_entry
Depths:3: kennysheep_cluttered_fort, layout_long_grid, enter_ziggurat_d,
          nicolae_the_louvre, pf_hell_entry_tar_spiral, serial_shops,
          bzr_entry_gold, abyss_entry, zin_angel
Depths:4: evilmike_zot_entry_basic, layout_long_grid,
          nicolae_ru_the_path_less_chosen, hellmouth_1, uniq_frederick

Skill      XL: |  1  2  3  4  5  6  7  8  9 10 11 12 13 14 15 16 17 18 19 20 21 22 23 |
---------------+----------------------------------------------------------------------+-----
Axes           | 2 3 4 5 6 7 8 9 11 12 14 16 | 16.0
Fighting       | 4 5 6 7 8 9 10 11 12 14 15 17 19 20 22 23 | 23.0
Dodging        | 1 2 3 4 5 7 8 9 |  9.0
Armour         | 4 6 8 9 10 11 13 14 15 16 17 18 | 18.0
Throwing       | 1 5 6 7 9 10 11 13 | 13.0
Invocations    | 4 7 10 | 10.0
Shields        | 4 5 6 7 8 9 14 15 16 19 21 | 21.6

Action                     |  1- 3 |  4- 6 |  7- 9 | 10-12 | 13-15 | 16-18 | 19-21 | 22-24 || total
---------------------------+-------+-------+-------+-------+-------+-------+-------+-------++-------
  Melee: War axe           |   119 |   104 |   245 |   303 |   781 |  1616 |  1575 |   614 ||  5357
         Eveningstar       |       |       |       |    17 |     5 |       |       |       ||    22
  Throw: Boomerang         |       |       |    48 |    58 |    29 |    46 |   108 |     1 ||   290
         Javelin           |       |       |       |    25 |   261 |   179 |   187 |    64 ||   716
 Invoke: Heroism           |       |       |     5 |    14 |    23 |    38 |    29 |    23 ||   132
         Finesse           |       |       |       |     2 |    10 |     9 |    11 |     5 ||    37
    Use: Scroll            |     2 |     4 |    10 |     7 |     9 |    14 |     2 |     2 ||    50
         Potion            |       |     2 |     1 |     1 |     3 |     3 |     2 |     4 ||    16
   Stab: Distracted        |       |       |     2 |     6 |     5 |       |     2 |       ||    15
         Petrified         |       |       |       |       |     3 |     4 |       |       ||     7
         Petrifying        |       |       |       |       |       |     1 |       |       ||     1
 Armour: Scale mail        |    75 |    10 |       |       |       |       |       |       ||    85
         Chain mail        |       |    41 |   106 |       |       |       |   455 |   274 ||   876
         Plate armour      |       |       |     9 |   181 |   431 |   958 |   160 |       ||  1739
  Dodge: Dodged            |    56 |    38 |    68 |    73 |   215 |   505 |   370 |   203 ||  1528
  Block: Buckler           |    21 |    19 |    38 |    52 |   160 |    10 |       |       ||   300
         Kite shield       |       |       |       |       |       |   914 |   234 |       ||  1148
         Reflection        |       |       |       |       |       |    30 |     4 |       ||    34
         Tower shield      |       |       |       |       |       |       |   760 |   568 ||  1328

Table legend:
 A = Non-vault XP
 B = Vault XP
 C = Vault XP percentage of total XP
 D = Non-vault monster count
 E = Vault monster count
 F = Vault count percentage of total count
                 A         B        C        D         E       F
            +---------+---------+-------+---------+---------+-------
      Total |  442368 |  306594 |  40.9 |    1089 |     545 |  33.4
            +---------+---------+-------+---------+---------+-------
        D:1 |      46 |       0 |   0.0 |      26 |       0 |   0.0
        D:2 |      65 |       0 |   0.0 |      22 |       0 |   0.0
        D:3 |       5 |       0 |   0.0 |       4 |       0 |   0.0
        D:4 |     154 |       0 |   0.0 |      11 |       0 |   0.0
        D:5 |     532 |       0 |   0.0 |      18 |       0 |   0.0
        D:6 |    1057 |     196 |  15.6 |      19 |       5 |  20.8
        D:7 |     890 |     210 |  19.1 |      21 |       3 |  12.5
        D:8 |    1141 |      18 |   1.6 |      23 |       4 |  14.8
        D:9 |    2876 |       0 |   0.0 |      28 |       0 |   0.0
       D:10 |     679 |    5605 |  89.2 |       7 |      33 |  82.5
       D:11 |    5311 |    2189 |  29.2 |      28 |      13 |  31.7
       D:12 |    6234 |       0 |   0.0 |      21 |       0 |   0.0
       D:13 |    5188 |    2263 |  30.4 |      12 |       3 |  20.0
       D:14 |    6203 |   11918 |  65.8 |      13 |      28 |  68.3
       D:15 |    9067 |    2640 |  22.6 |      19 |       3 |  13.6
     Lair:1 |    1899 |    1763 |  48.1 |      10 |       6 |  37.5
     Lair:2 |   14700 |    1676 |  10.2 |      52 |       2 |   3.7
     Lair:3 |    4638 |     514 |  10.0 |      20 |       1 |   4.8
     Lair:4 |   13843 |    2474 |  15.2 |      39 |      10 |  20.4
     Lair:5 |   16576 |    8840 |  34.8 |      57 |      22 |  27.8
   Shoals:1 |   16042 |    7575 |  32.1 |      33 |      14 |  29.8
   Shoals:2 |    6460 |       0 |   0.0 |      13 |       0 |   0.0
   Shoals:3 |   17634 |    6034 |  25.5 |      41 |      11 |  21.2
   Shoals:4 |   18888 |   18116 |  49.0 |      38 |      26 |  40.6
   Spider:1 |   15346 |    1948 |  11.3 |      50 |       2 |   3.8
   Spider:2 |   14515 |    1327 |   8.4 |      35 |       1 |   2.8
   Spider:3 |   14558 |    2518 |  14.7 |      31 |       4 |  11.4
   Spider:4 |   15817 |   17482 |  52.5 |      44 |      37 |  45.7
      Orc:1 |    1176 |       0 |   0.0 |      34 |       0 |   0.0
      Orc:2 |    5498 |   11567 |  67.8 |      28 |      78 |  73.6
   Vaults:1 |   12741 |   24524 |  65.8 |      23 |      28 |  54.9
   Vaults:2 |   22834 |   29987 |  56.8 |      29 |      38 |  56.7
   Vaults:3 |   38917 |   30971 |  44.3 |      47 |      37 |  44.0
   Vaults:4 |   29553 |   29166 |  49.7 |      44 |      40 |  47.6
   Vaults:5 |    1998 |   22695 |  91.9 |       6 |      21 |  77.8
   Depths:1 |   22242 |   26590 |  54.5 |      29 |      37 |  56.1
   Depths:2 |   33104 |   17189 |  34.2 |      36 |      19 |  34.5
   Depths:3 |   37326 |    2479 |   6.2 |      42 |       3 |   6.7
   Depths:4 |   26615 |   14128 |  34.7 |      36 |      13 |  26.5
   Gauntlet |       0 |    1992 | 100.0 |       0 |       3 | 100.0
            +---------+---------+-------+---------+---------+-------
